Workbook

Sheet 2018
A1: Log Number | B1: Engineering Group | C1: Date | D1: TE Tool No | E1: Category | F1: Problem Summary | G1: Site | H1: Originator | I1: Assignee 1 (UK/ US) | J1: Assignee 2 (WPPL) | K1: Date Completed | L1: Remark/Closure | M1: Priority | N1: STATUS | P1: Priority | R1: Site | S1: (All)
M2: 1- High(< 1 week) | P2: 1- High(< 1 week)
A3: S180001 | B3: Test Engineering | C3: 43203 | D3: TE82995-2 | E3: Repair | F3: Known good UUT use to test on TE82995-2 show "Pierce Test Failed" see attached print screen capture. | G3: Venture | H3: Tan Hong Cheng | J3: Desmond | K3: 43203 | L3: Replace the Control Board (P/N: 210000367) inside the test box, problem never resurface. | M3: 2-Medium (<4 weeks) | N3: CLOSED | P3: 2- Medium(<4 weeks) | R3: Count of Assignee 2 (WPPL) | S3: Column Labels
A4: S180002 | B4: Manufacturing Engineering | C4: 43210 | D4: 999119657 | E4: Repair | F4: Shuttle Press with Punch Station cannot power on. Open casing found Y3 alarm on. Perform check on all wire connection no loose connection found. Use multi-meter to measure the 24 VDC Output connector found no output. Suspect power supply is faulty or other issue cause Y3 alarm on. | G4: Venture | H4: Tan Hong Cheng | J4: Desmond | K4: 43210 | L4: Venture found an alternate 24 PWS and fixed. 2 spare oringal part number of power supplies received for Milford for future use | M4: 2-Medium (<4 weeks) | N4: CLOSED | P4: 3- Low (> 4 weeks & above) | R4: Row Labels | S4: CLOSED | T4: Open | U4: Grand Total
A5: S180003 | B5: Manufacturing Engineering | C5: 04.26.2018 | D5: QDa Pumping Block Removal Tool | E5: New | F5: When the UUT test failed, it is nessessary to verify with Gold Brick parts fo find the failure. Because of the vacuum sucking pressure during the UUT is operating, the pumping block is always difficult to remove from the analyzer housing. | G5: Venture | H5: Alan Oh | J5: Mandy | K5: 43290 | L5: [09Jul18] Venture have received this removal tool - updated by Mandy | M5: 2-Medium (<4 weeks) | N5: CLOSED | R5: Desmond | S5: 9 | U5: 9
A6: S180004 | B6: Test Engineering | C6: 43278 | D6: TE82943 | E6: Others | F6: Missing serial number at the bottom of the test report (Ser.No) of Acquity BSM 18K PLUS test in some Test record and it is encountered across all test stations TE82943 #1,#19,#20,#21,#22 and #24. Please kindly refer to the "BSM Test Record.JPG" | G6: Venture | H6: Chan Myae Soe | I6: Milford - Ed Jackson | J6: Hua Zhen | M6: 3- Low (> 4 weeks & above) | N6: Open | P6: Status | R6: 1- High(< 1 week) | S6: 3 | U6: 3
A7: S180005 | B7: Test Engineering | C7: 06.25.2018 | D7: TE83064-All | E7: Upgrade | F7: Starting from end of April (mainly after software & firmware updates) till now, we are observing high Needle Seal Force failures for all FTN models at all testers. Please refers to attached ppt files for information that we observed about this failure. The purpose of this OESR is to request help from Waters' Test engineer for Needle Seal Force failure and to prequest direction to prevent/reduce this failure. | G7: Venture | H7: Eilwin | I7: Milford-Rick | J7: Hua Zhen | M7: 3- Low (> 4 weeks & above) | N7: Open | P7: Open | R7: 2-Medium (<4 weeks)2 | S7: 6 | U7: 6
A8: S180006 | B8: Manufacturing Engineering | C8: 06.27.2018 | D8: N/A | E8: Others | F8: On 13 Jun 2018, Part Number: 186015085. Instrument serial number F18FTP669G barcode label sheet generate by GES system is incorrect. Production operators failed to detect it and scan into Genealogy System. When this error was detected later, production operators try to correct the error and re-entry the correct data result in multiple entry was enter. | G8: Venture | H8: Tan Hong Cheng | I8: Milford-Roland | J8: Desmond | K8: 43278 | L8: [27Jun18] Data entered into Sigmasure cannot be adjusted. Amend on hardcopy of Sigmasure data. | M8: 2-Medium (<4 weeks) | N8: CLOSED | P8: Closed | R8: Edwin | S8: 6 | T8: 1 | U8: 7
A9: S180007 | B9: Test Engineering | C9: 05.29.2018 | D9: TE82736 | E9: Others | F9: Milford requests to have test data for Alliance Display, Degasser and Heater/Cooler test in the past 2 years. | G9: Milford | H9: Milford-Mike | J9: Hua Zhen | K9: 43279 | L9: OESR: 182580. [26Jun18] Discussed with Flex, they will feedback about the feasibility and time required for this job done. [28Jun18] Sent the data to Mike. | M9: 2-Medium (<4 weeks) | N9: CLOSED | P9: category | R9: 1- High(< 1 week) | S9: 1 | U9: 1
A10: S180008 | B10: Test Engineering | C10: 08.24.2018 | D10: TE83013 | E10: Upgrade | F10: E cord interface test failure | G10: WPPL | H10: WPPL - Siew Yee | I10: Milford-Matt | J10: Hua Zhen | M10: 3- Low (> 4 weeks & above) | N10: Open | P10: Repair | R10: 3- Low (> 4 weeks & above) | S10: 1 | T10: 1 | U10: 2
A11: S180009 | B11: Test Engineering | C11: 06.25.2018 | D11: Leak Detector | E11: New | F11: Leak detector used in QDa and Beacon about to due for calibration. Please define the PM requirement and calibration requirement. | G11: Venture | H11: Loo Kok Leong | J11: Siddharth | L11: raised PO. 16-Jul-18: The leak bottle has been replaced with a leak bottle from the demo unit so that the calibration status of the instrument is not affected. The leak bottle that was ordered will be installed in the end of July. Servicing to be done in August, when there is no production. 30-Aug-18: The new calibrated leak bottle has been installed in the HLD. The calibration certificate has been given to Su Fern. Since we have not used the HLD a lot in the last year, after speaking with Paul, we have decided that the PM will be done next year after we buy the new HLD. | M11: 2-Medium (<4 weeks) | N11: Closed | P11: Duplicate | R11: 2-Medium (<4 weeks)2 | S11: 4 | U11: 4
A12: S180010 | B12: Manufacturing Engineering | E12: Others | F12: Please provide a summary of the following tubing used on the ACQUITY column manager test station: For this request, I am interested in the ID and length of each tube, including: 1. Pump Outlet tubing (BSM-SM) 2. UUT interconnect tube1 (SM-UUT) 3. UUT interconnect tube 2 (UUT-Detector) Also the detector/flowcell outlet Back Pressure Regulator (what is the pressure rating - 250 PSI, 500 PSI, other?) It would be good to have this information relatively quickly, so try to determine the tubing details as quickly as possible. Thanks, Mike | G12: Milford | H12: Milford-Mike | J12: Hua Zhen | K12: 43279 | L12: The request has been fulfilled. | M12: 2-Medium (<4 weeks) | N12: CLOSED | P12: New | R12: Hua Zhen | S12: 63 | T12: 14 | U12: 77
A13: S180011 | B13: Test Engineering | C13: 06.29.2018 | D13: TE82525-2 | E13: Repair | F13: TE82525-2 Pump Tray Tester is keep on failing on Ripple Test \ Flow Test. Action taken to verify the failure: 1. Pin Plug FV2 during Ripple Test - Test Result PASS 2. Pin Plug FV2 during Flow Test - Test Resut PASS 3. Removed the Pin Plug during Ripple Test - Test Result FAIL and observed small amount of leak solvent during test. 4. Removed the Pin Plug during Flow Test - Test Result FAIL and observed small amount of leak solvent during test. 5. Therefore I conclude that the rootcause is leaky ASFVO Flow Valve. | G13: Flex | H13: Joel | I13: Milford - Mark Jussaume | J13: Hua Zhen | M13: 2-Medium (<4 weeks) | N13: Closed | P13: Upgrade | R13: 1- High(< 1 week) | S13: 21 | U13: 21
A14: S180012 | B14: Test Engineering | C14: 43106 | D14: N/A | E14: Others | F14: We would like to request download the test record from Sigmasure 7 for the following Serial Numbers: PN : 186015080 SN E18QSP539A E18QSP536A E18QSP540A E18QSP542A E18QSP541A | G14: Flex | H14: Joel | J14: Desmond | K14: 43278 | L14: Flex requests printer replacement, wait for Flex to get back latest status about this printer replacement Information provided to Flex | M14: 2-Medium (<4 weeks) | N14: CLOSED | P14: Others | R14: 3- Low (> 4 weeks & above) | S14: 7 | T14: 8 | U14: 15
A15: S180013 | B15: Test Engineering | C15: 43280 | D15: TE82943-1 | E15: New | F15: Production is seeing a spike of 0.3ml/min flow rate accuracy failures (lower spec limit – 0.297ml/min) on QSM (186017000) in Apr . Please kindly refer to the "Brainstorming for 0 3ml flowrate test failure-29 Jun.pptx" for detail study. | G15: Venture | H15: Chan Myae Soe | I15: Milford-Edward Jackson | J15: Hua Zhen | M15: 3- Low (> 4 weeks & above) | N15: Closed | R15: 2-Medium (<4 weeks)2 | S15: 31 | T15: 2 | U15: 33
A16: S180014 | B16: Test Engineering | C16: 43283 | D16: TE83064-16 | E16: Repair | F16: On 02-July-2018, Pump B of BSM of TE83064-16 has high leakage and cannot continue testing anymore . Both seals of primary and accumulator of pump B are required to be changed due to wear and tear. Affected part numbers to be changed are WAT076152(CRC O-ring 2.016) W1425000930-R (Seal Wash .0787 ID) W1425001037-R (Seal Wash Press Dual Supply) Since we are using these parts at Venture GES production, we replaced them for TE16. | G16: Venture | H16: EiLwin | J16: Hua Zhen | K16: 43283 | L16: Fixed by replacing parts from Venture production and billed to WPPL | M16: 1- High(< 1 week) | N16: CLOSED | R16: 2- Medium(<4 weeks) | S16: 4 | T16: 4 | U16: 8
A17: S180015 | B17: Test Engineering | C17: 43283 | D17: 83086-2 | E17: Repair | F17: 1. Analog board 210000399 in GTS test fixture was burnt during testing of Aquity RI Persoanality board 210000699. 2. Request for replacement for 210000339 Analog board | G17: CEI | H17: CA Tan | J17: Desmond | K17: 43283 | L17: 2 PCB from Milford were collected by CA for this repair | M17: 1- High(< 1 week) | N17: CLOSED | R17: Mandy | S17: 2 | T17: 1 | U17: 3
A18: S180016 | B18: Test Engineering | C18: 43285 | D18: TE82998-1 | E18: Repair | F18: 1.Testing for 210000422 Vista Pump PCBA at GTS was down due to bad Degasser board in test fixture. 2. Request for replacemnt and spare degasser board, p/n.725000459 Qaters QPSI Degasser. | G18: CEI | H18: CA Tan | J18: Hua Zhen | K18: 43291 | L18: [04Jul2018] Sent kit PN to Jie Hui for purchasing of this PCB -; [06Jul2018] Christine received MRO [10Jul2018] Only 1 PCB was received, CA from CEI will collect it on 11 Jul 2018 | M18: 1- High(< 1 week) | N18: CLOSED | R18: 3- Low (> 4 weeks & above) | T18: 1 | U18: 1
A19: S180017 | B19: Test Engineering | C19: 43285 | D19: TE82943-13 | E19: Repair | F19: TE82943 - 13 - Weighing balance hr-200 (s/n:12326184) showing unstable reading.(unable to get the zero reading) Action Taken : 1) Ensure that the bubble spirit level is center of balance. 2) Re-Zero the weighing balance but to no avail. 3) Ensure that balance stability is not influence by breeze or vibration. 4) Remove weighing pan,re insert the pan and Re-zero but no avail. 5) Press and hold the Re-Zero key until balance display CAL.Release the RE-Zero Key.Display shows "Error 1". | G19: Flex | H19: Joel | J19: Yee Hwa | L19: [05Jul18] Quotation in progress [10Jul18] ITS-ZiLun collected 2 balance from Flex on 09Jul18. To get status from Zilun on quotation and lead time [10Aug18] PO issued. Lead time 3 week. ETA:early Oct [3.Oct] ETA: WW41 | M19: 3- Low (> 4 weeks & above) | N19: Closed | R19: 2-Medium (<4 weeks)2 | S19: 2 | U19: 2
A20: S180018 | B20: Test Engineering | C20: 43285 | D20: TE82943-17 | E20: Repair | F20: TE82943 - 17 - Weighing balance hr-200 (s/n:12326279) has no display.(Faulty display) | G20: Flex | H20: Joel | J20: Yee Hwa | K20: 43301 | L20: [05Jul18] Quotation in progress Similar as item S180017 [10Jul18] ITS-ZiLun collected 2 balance from Flex on 09Jul18. To get status from Zilun on quotation and lead time [20Jul18] Repaired and received on 18Jul18. | M20: 1- High(< 1 week) | N20: CLOSED | R20: Siddharth | S20: 1 | U20: 1
A21: S180019 | B21: Manufacturing Engineering | C21: 43286 | D21: 999027952-2 | E21: Repair | F21: Tooling 999027652-2 pin broken when use on Actuator Assembly for iBSM&QSM. There is no spare pin at Venture GES.(Need 4 pcs) | G21: Venture | H21: Chua Chong Keong | J21: Desmond | K21: 43307 | L21: [05Jul18] GES Chong Keong to advise the reason for damage as the pins are recently changed in Apr 2018. [10Jul18] Chong Keong to follow up with supplier about material quality as all pins broken in 3 months. [26Jul18] Chong Keong received the part replacement - 10pcs. | M21: 1- High(< 1 week) | N21: CLOSED | R21: 2-Medium (<4 weeks)2 | S21: 1 | U21: 1
A22: S180020 | B22: Test Engineering | C22: 43106 | D22: TE82475 | E22: Repair | F22: TE82475 - Pressure Decay Tester is not able to hold off pressure for position 1. Action Taken : Verified System Transducer during calibration to 1000 PSI - OK Verified Position 1 : during calibration to 1000 PSI - OK Verified Position 2 : during calibration 10 1000 PSI - OK Perform testing as per WAT025373 - to each position and result failed. Position 1 Pneumatic Valve 1 exhibit abMedium temperature during operation compare to other valve . Suspect to have issue with Valve Number 71216SN1BL00N0L111Q3 | G22: Flex | H22: Joel | J22: Hua Zhen | K22: 43294 | M22: 1- High(< 1 week) | N22: CLOSED | R22: Yee Hwa | S22: 14 | T22: 2 | U22: 16
A23: S180021 | B23: Test Engineering | C23: 43287 | D23: TE82988-12 | E23: New | F23: Tester or system not able to power on. This is due to the " AC Power distribution box " not working.It has been noticed that when the AC switch in the front panel of the tester is switch on there was an arching like sound generated in the AC Power distribution box. The arching sounds like behaviorally the same with the old GTS previously before we have replaced with new power distribution box. | G23: Venture | H23: Jason GES | J23: Hua Zhen | K23: 43301 | L23: [06Jul18] OSER received [10Jul18] To confirm the failure and meanwhile for arrival of repaired Power box from Milford [13Jul18] Email from Paul asked to inspect the power plug for distribution box, Jason at Venture was informed [16Jul18] GES was informed to collect repaired power distribution box from WPPL and verify on new GTS see if the arching is caused by 3-phase power line capacity/stablity. [20Jul18] The issue is fixed by tightening power connector screws and case closed | M23: 2-Medium (<4 weeks) | N23: CLOSED | R23: 1- High(< 1 week) | S23: 4 | U23: 4
A24: S180022 | B24: Test Engineering | C24: 43290 | D24: TE82882-9 | E24: Others | F24: TE82882-9 and TE82882-14 Footer Mismatch with Serial Number. Action Taken: 1. Stop using TE82882-9 amd 14 2. Retest UUT affected to other station 3. Refer to attached print-sample | G24: Flex | H24: Joel | J24: Yee Hwa | L24: OESR 182647 [10Jul18] Joel will update OESR to reflect the all testers were affected by this issue [17Jul18] Create Sigmasure 7 access for Phani, Joel, Gary and CK. [20Jul18] Sigmasure 7 access have been created but Milford advise detector test data will not be able to share with Flex due to security reasons. TMD to be raise by Yee Hwa for the interim period till the tester is resolved by Eric. [14Aug18] TMD is not required per discussed with WPPL Quality team. Pending Eric to resolve the issue. [12Sep18] Bug fiexed in ECO9224731. | M24: 3- Low (> 4 weeks & above) | N24: Closed | R24: 3- Low (> 4 weeks & above) | S24: 3 | T24: 1 | U24: 4
A25: S180023 | B25: Test Engineering | C25: 43292 | D25: TE83064-13 | E25: Repair | F25: TE83064-13 is having system over pressure due to Column 4 (P/N:186002350) blockage. The column has been flushed in both direction to purge out the blockage but still causing system over pressure. Therefore, request column P/N:186002350 (Qty 1) for TE83064-13. Attached is a reference screen shot of system over pressure for reference. | G25: Venture | H25: EiLwin | J25: Hua Zhen | K25: 43294 | L25: [12Jul18] Hong Cheng come WPPL to collect Column for repair [13Jul18] The overpressure issue was fixed by replacing column 4 | M25: 1- High(< 1 week) | N25: CLOSED | R25: 2-Medium (<4 weeks)2 | S25: 7 | U25: 7
A26: S180024 | B26: Manufacturing Engineering | C26: 43293 | D26: Label Printer | E26: Others | F26: Found WAT024406 (Label, Serial Shipping Label) content is illegible during packing. Serial Number: G18SM4001A Request Waters personnel to assist to re-print Shipping label at Flex site. Qty: 1pc Root Cause: Mis-handling of Label | G26: Flex | H26: CK Tan | J26: Yee Hwa | K26: 43293 | L26: [12Jul18] Case closed. This OESR is for record purpose | M26: 3- Low (> 4 weeks & above) | N26: CLOSED | R26: 2- Medium(<4 weeks) | T26: 1 | U26: 1
A27: S180025 | B27: Test Engineering | C27: 43293 | D27: TE83064 | E27: Others | F27: Please send in the Test Equipment Qualification Report S/No Document Number Document Title 1 TE83064-10-TEQR_LTERATION 00 Test Equipment Qualification Report for TE83064-10 2 TE83064-11-TEQR_LTERATION 00 Test Equipment Qualification Report for TE83064-11 3 TE83064-12-TEQR_LTERATION 01 Test Equipment Qualification Report for TE83064-12 4 TE83064-13-TEQR_LTERATION 01 Test Equipment Qualification Report for TE83064-13 5 TE83064-14-TEQR_LTERATION 02 Test Equipment Qualification Report for TE83064-14 6 TE83064-15-TEQR_LTERATION 02 Test Equipment Qualification Report for TE83064-15 7 TE83064-16-TEQR_LTERATION 03 Test Equipment Qualification Report for TE83064-16 8 TE83064-17-TEQR_LTERATION 03 Test Equipment Qualification Report for TE83064-17 | G27: Venture | H27: Tan Hong Cheng | J27: Edwin | K27: 43304 | L27: [13Jul18] Already sent IQ report of 2 Testers, will send the rest to Hong Cheng [16Jul18] Hong Cheng will check with their quality department and advise if can close this request after explaining to him about TEQR. [23Jul18] Qualification report was accepted by Venture quality and case closed | M27: 2-Medium (<4 weeks) | N27: CLOSED | R27: SuFern | S27: 1 | U27: 1
A28: S180026 | B28: Test Engineering | C28: 43293 | D28: TE82998-1 | E28: Repair | F28: The CPU board at the 210000345 GTS fixture (TE#83001-3) suspected not working. To replace with a new board, we will require the CPU firmware. Attached is a request for CPU firmware for GTS FCT fixtures.. The firmware is required if the CPU board at the fixture need to be replace. | G28: CEI | H28: CA Tan | J28: Edwin | M28: 2-Medium (<4 weeks) | N28: Closed | R28: 3- Low (> 4 weeks & above) | S28: 1 | U28: 1
A29: S180027 | B29: Test Engineering | C29: 43293 | D29: TE82988-3 | E29: Repair | F29: Tester was failing test " Serial Communication " and Suspected that the CPU is faulty or not able to booth up. Pass board have been tested too but also failing.Screenshot of the failure are attached in the email for reference. | G29: Venture | H29: Jason GES | J29: Hua Zhen | K29: 43311 | L29: [19Jul18] Venture found a replacement CPU from the other fixture and GTS is working with this replacement now, but still need to get a permanent replacement from Milford [23Jul18] Mark will ship 2x cpu with firmware loaded to WPPL [26Jul18] PCBA pass to Jason. | M29: 1- High(< 1 week) | N29: CLOSED | R29: Grand Total | S29: 96 | T29: 18 | U29: 114
A30: S180028 | B30: Test Engineering | C30: 43294 | D30: TE82998-1 | E30: Repair | F30: 1.Testing for 210000422 Vista Pump PCBA at GTS was down due to bad Degasser board in test fixture. 2. Request for one (1) replacement and two (2) spare degasser boards, p/n.725000459 Waters QPSI Degasser PCBA. | G30: CEI | H30: CA Tan | J30: Hua Zhen | K30: 43297 | L30: [13Jul18] This GTS Degasser is frquently breakdown, further investiagetion is required. [16Jul18] The board was passed to CA and monitoring the issue now | M30: 1- High(< 1 week) | N30: CLOSED
A31: S180029 | B31: Test Engineering | C31: 43297 | D31: TE83031-1 | E31: New | F31: The existing optics bench alignment stations are using Golden flow cell to align all the optics benches.These Golden flow cells do not have the proper PM procedure to maintain their performance initially.Venture recently working with WPPL to release PM procedure for these golden flow cells. PM could help to improve flow cell performance for mechanically but it couldn't help when the flow cells are facing optically degaraded and againg. Milford Engineer agreed Venture should have one back up golden flow cell in any case of flow cell degrading over a few years of usage and for not interrupting production while it waiting Milford to send over new Golden flow cell. Request to send over new Golden Flow cells for Optics Alignment Test Stations. Please share with us how to perform the measurement and any specification threshold for replacement. Refer to attached photos of Ref photo diode flow cell. | G31: Venture | H31: MiMi | J31: Mandy | M31: 3- Low (> 4 weeks & above) | N31: Open
A32: S180030 | B32: Test Engineering | C32: 43298 | D32: TE82774 | E32: Others | F32: Redline TSP 735000698 add Install Dust Cover, Part Number: xxx into the 26 pin D-Sub connector on page 14 of 36. | G32: Venture | H32: Tan Hong Cheng | J32: Edwin | L32: [17Jul18] check with Hong Cheng to further understand ther request [27Jul18] Edwin to review redline for change to sent to Milford. [20Sep18] Engineering felt this is an isolated case so they do not wish to proceed with new part number unless there is more cases. Recommend to close | M32: 2-Medium (<4 weeks) | N32: Closed
A33: S180031 | B33: Test Engineering | C33: 43298 | D33: TE82817 | E33: Others | F33: Please help to down down TSP 735000887 in word format for Venture GES to mark up.14 of 36. | G33: Venture | H33: Tan Hong Cheng | J33: Edwin | K33: 43301 | L33: [17Jul18] Edwin to advise if should send word format TSP to Venture? [20Jul18] Venture will redline on PDF. | M33: 2-Medium (<4 weeks) | N33: CLOSED
A34: S180032 | B34: Test Engineering | C34: 43299 | D34: TE83026 Column Manager | E34: Others | F34: Sigmasure6 could not be reached. "Problem Loading Page - Unable to connect" message is returned eventhough sigmasure7 is working. | G34: Venture | H34: CHAN MYAE SOE | J34: Hua Zhen | K34: 43300 | L34: [19Jul18] Confirmed with Bill the server is down and no solution for time being | M34: 2-Medium (<4 weeks) | N34: CLOSED
A35: S180033 | B35: Test Engineering | C35: 43299 | D35: TE82995-All | E35: Others | F35: In Signmasure 7, we cannot access the test data of sub-assembly testers TE82995 -2 and TE82995 -3. Please refers to screen shot attached which shows what we could access at Sigmasure 7. Please help to provide test data for TE82995-2 & TE82995-3 from Jan 2017 to till todate. The purpose of this request is to check Needle Seal Force test data trend by sub-assembly testers. | G35: Venture | H35: EiLwin | J35: Hua Zhen | K35: 43304 | L35: [23Jul18] Data sent to Lwin. | M35: 2-Medium (<4 weeks) | N35: CLOSED
A36: S180034 | B36: Test Engineering | C36: 43301 | D36: TE82882-14 | E36: Upgrade | F36: 1. TE82882-14 Shunt \ Cell Energy 6ms reading is (0) and Outcome FAIL, the 2998 Refresh Final Test Overall Result - PASS , Eric Turner mentioned that "That particular test is not an official spec" 2. TE82882-14 Noise Run result is FAIL and but the result 2998 Referesh Final Test Overall Result - PASS. Flex Acton Taken : Restest UUT and if pass release for shipment Pls. refer to attached file for test reult. | G36: Flex | H36: Joel | J36: Mandy | M36: 2-Medium (<4 weeks) | N36: Closed
A37: S180035 | B37: Test Engineering | C37: 43305 | D37: TE82984-01 | E37: New | F37: "Valve Jumper" test step did not stated in Appendix of TSP 735002056. Jumper setting of 186015008 is different from others. Would like to request to add valve jumper step in TSP. Attached graphical user interface in .bmp format. | G37: Venture | H37: Chan Myae Soe | J37: Hua Zhen | L37: [27Jul18] Request Redline TSP from Chan [10Aug18] The word format of TSP sent to Chan as per request, waiting her reply with Redline TSP [14Aug18] Chan in Venture update the latest TSP has covered the change and case closed | M37: 2-Medium (<4 weeks) | N37: Closed
A38: S180036 | B38: Test Engineering | C38: 43305 | D38: NA | E38: Others | F38: Request to download test data from 1st Jul 2018 to 24th Jul 2018 (or until the day of download) of 186015042, 186015043, 18601545, 186015007, 186015008 and 186015009. Time zone is China Time | G38: Venture | H38: Chan Myae Soe | J38: Hua Zhen | K38: 43305 | L38: [24Jul18] Data provided to Chan. | M38: 2-Medium (<4 weeks) | N38: CLOSED
A39: S180037 | B39: Test Engineering | C39: 43305 | D39: TE82987-01 | E39: Repair | F39: No power on Ethernet adapter. Confirmed that ethernet adapter is faulty. | G39: Venture | H39: Chan Myae Soe | J39: Hua Zhen | K39: 43326 | L39: [27Jul18] Email approval given to Chan to purchase an off the shelf ethernet switch. [14Aug18] The switch has been purchased. Case closed | M39: 2-Medium (<4 weeks) | N39: Closed
A40: S180038 | B40: Test Engineering | C40: 206 | D40: Certificate Print | E40: Repair | F40: Waters Corporation Instrument Certificate Printing WATERSCOFP1 HP Laser Jet Enterprise M604 Encounter Run-time error '68' Device unavailable, Cannot link to Server. Flex try out below step :- 1.Re-start the system >>Still unable to print and occur the same error . | G40: Flex | H40: Gary | J40: Yee Hwa | K40: 43307 | L40: Bill has reconfigure the server. The error due to file tranferring by Dave Moss. | M40: 2-Medium (<4 weeks) | N40: Closed
A41: S180039 | B41: Manufacturing Engineering | C41: 43306 | D41: NA | E41: Others | F41: On 5th od March 2018 Venture sent 4 pcs of Gratings P/N 4020000130 to Milford Enginner (Attn: Nicholas Szwaja) for evaluation purpose. Refer to attached Invoice attached and email chain. We would like to know the disposition of this 4 pcs of gratings. | G41: Venture | H41: MiMi | J41: Edwin | L41: [27Jul18] Edwin to check with Milford for cross charged [3thSep18] To issue PO to Venture on 4 grating - Edwin; Jie Hui has issued PO 2018-326 on 07 Aug 2018 - HZ. | M41: 3- Low (> 4 weeks & above) | N41: Closed
A42: S180040 | B42: Manufacturing Engineering | C42: 43307 | D42: Server and 3x printer | E42: New | F42: Insert Tape Media and observed that Waters Server IP 10.249.26.1 showing "There are offline or missing virtual drive with preserved cache. Please check th ecable and ensure that all drives are present. Refer to attached photo (a), the lower drived SAS 600GB 15k, the LED is blinking green orange.(b) 2 After the server down, the 3 printer is also not able to work: 2.1 Ceritificate of Functional Performance - Run-Time error ‘68’: Device unavailable 2.2 WATERSSPNL1-The drive or network connection that the shortcut refer to is unavailable 2.3 WATERSISNL1 - The drive or network connection that the shortcut refer to is unavailable | G42: Flex | H42: Joel | J42: Yee Hwa | K42: 43308 | L42: Bill has reconfigure the server. The error due to file tranferring by Dave Moss. | M42: 2-Medium (<4 weeks) | N42: Closed
A43: S180041 | B43: Test Engineering | C43: 43308 | D43: TE83064-13 | E43: Repair | F43: BSM of TE13 had high leak rate 6169 nL/min at pump A accumulator testing with 17k psi and leak rate 4613 nL/min at pump B primary when testing with 15k psi. Troubleshooting Summary: - Changed each pump seals set for pump A accumulator and pump B primary. - After seals are changed, pump B has no more leakage. But pump A cannot compress pressure up to 17k psi. To solve this problem, changed new assy vent valve 279002426. - After vent valve is replaced, pump A can compress up to 17k psi, but there is still leakage at pump A accumulator so that check valve 289003360 is changed.Then,there is no more leakage at pumpA accumulator. - Re-verification is done by installing back old vent valve 279002426 and pump A cannot compress to 17k psi. | G43: Venture | H43: EiLwin | J43: Hua Zhen | K43: 43322 | L43: [27Jul18] Venture has been asked to provide the repair parts price [10Aug18] The repair was done by Venture and claimed repair cost quaterly | M43: 2-Medium (<4 weeks) | N43: Closed
A44: S180042 | B44: Manufacturing Engineering | C44: 43311 | D44: NA | E44: New | F44: was notified that the ASP 186015020 IVD Acquity UPLC Sample Organizer, IVD for the info set was different from what we packed (refer to pg 11 of 5). The ASP was stated to throw the info set in between the Unit and the Startup kit. However during the product tranfer the info set was told to place on top of the instrument. Reason was to prevent from damaging the info set when throwing in. Since then we practice according and did not notice ASP show to throw in and ASP 186015020 Packaging, Sample Organizer ASO has changed to place on top of the instrument. Would like you review and change the ASP to place the info set on top of the instrument.hankyou. | G44: CEI | H44: Jason Wang | J44: SuFern | L44: Pending Desmond guidance on submitting ECR. [21Sep18] The ECR is submitted. [25Sep18] ECR closed | M44: 3- Low (> 4 weeks & above) | N44: Closed
A45: S180043 | B45: Test Engineering | C45: 43312 | D45: TE82882 | E45: Duplicate | F45: TE82882-8 and TE82882-10 Footer Mismatch with Serial Number. Action Taken: 1.TE82882- PN :18600XXXX SN : G18998922A , G18998919A , G18998895A | G45: Flex | H45: Joel | J45: Hua Zhen | K45: 43312 | L45: [31Jul18] Data sent to Joel | M45: 2-Medium (<4 weeks) | N45: CLOSED
A46: S180044 | B46: Manufacturing Engineering | C46: 43313 | D46: 999028067 | E46: Repair | F46: During the assembly of Housing Check Valve (405004106) and Holder Cartridge (405004105) as per ASP 289001458 REV C, the swage fixture bushing break and unable to perform the press operation. This is affecting production line down for 186269505 & 186269506 models. | G46: Flex | H46: Gary | J46: Desmond | L46: [14Aug18] Tool have been fabricated and used in production. [15 Aug 18] Original part has passed to Gary and to be installed same day. | M46: 1- High(< 1 week) | N46: CLOSED
A47: S180045 | B47: Test Engineering | C47: 43314 | D47: TE82882-8 | E47: Duplicate | F47: TE82882-8 test result mismatch footer: Request to download from server: PN : 186299800 SN : H18998927A | G47: Flex | H47: Joel | J47: Hua Zhen | K47: 43314 | L47: [31Jul18] Data sent to Joel | M47: 2-Medium (<4 weeks) | N47: Closed
A48: S180046 | B48: Test Engineering | C48: 43314 | D48: TE82999-1 | E48: Repair | F48: 1. Gasket for the GTS test fixture torn, causieng vacuum leakage . 2. To replace the gasket. | G48: CEI | H48: CA Tan | J48: Hua Zhen | M48: 3- Low (> 4 weeks & above) | N48: Closed
A49: S180047 | B49: Test Engineering | C49: 43318 | D49: TE83064-14 | E49: Repair | F49: TE83064-14 is having system over pressure due to Column 4 (P/N:186002350) blockage. The column has been flushed in both direction to purge out the blockage but still causing system over pressure. Therefore, request column P/N:186002350 (Qty 1) for TE83064-14. Attached is a reference screen shot of system over pressure for reference. | G49: Venture | H49: EiLwin | J49: Hua Zhen | K49: 43318 | L49: [06Aug18] Passed the column to Venture | M49: 1- High(< 1 week) | N49: Closed
A50: S180048 | B50: Test Engineering | C50: 43318 | D50: TE82882-8 | E50: Duplicate | F50: TE82882-8 test result mismatch footer: Requst to pull-out from server: PN : 186299800 SN : H18998939A H18998940A TE82882-9 test result mismatch footer PN: 186015033 SN: H18UPL128A H18UPL126A | G50: Flex | H50: Joel | J50: Hua Zhen | K50: 43314 | L50: [31Jul18] Data sent to Joel | M50: 2-Medium (<4 weeks) | N50: Closed
A51: S180049 | B51: Manufacturing Engineering | C51: 43320 | D51: WatersPNL1 | E51: Repair | F51: ASP 735003655 Instrument Serial Number Printing -STD Encounter Quantity Barcode with white line .(Cause by printer head) Has swap with another printer head still having same issue white line at Description This is affecting to all Waters Instrument model. | G51: Flex | H51: Gary | J51: Yee Hwa | K51: 43322 | L51: [10Aug18] Printhead replaced and printer resumed operation on 10th Aug. | M51: 1- High(< 1 week) | N51: Closed
A52: S180050 | B52: Test Engineering | C52: 43325 | D52: TE82546 | E52: Repair | F52: TE82546 2690 Display/Keypad Test fail as per below : Diag: Modle:display Test DisplayMemoryCheck…DisplayMemoryCheck: Fail, Address 4606CF Val: ff Its is due to Pin 1 broken at PN 270084 Rev 0, ATX 09/03 | G52: Flex | H52: Joel | J52: Hua Zhen | K52: 43327 | L52: [13Aug2018] Flex directly mount the cable 270084 to test board as temp solution while sourcing a replacement connector [15 Aug 18] Joel replaced cable and verified working. | M52: 2-Medium (<4 weeks) | N52: Closed
A53: S180051 | B53: Manufacturing Engineering | C53: 43326 | D53: NA | E53: Others | F53: ECO 9222683 Life cycle change on Hamamatsu and Optic Bench with new project number . SigmaSure show old Optic Bench project number.(Please refer to attachment) 1) ASP 279002224 Assy Detector ,2998 SFC Del 279002225 , Add 279003843 2) ASP 279002897 Assy, Detector, PDA Del 279002903 ,Add 279003842 3) ASP 279000805 Assy, Detector 2998 Classic Del 279000647 ,Add 279003841 | G53: Flex | H53: Gary | I53: Matt Franklin | J53: Yee Hwa | L53: [15 Aug 18] Raised OESR-182727 to Chau to add in new PN to SS7. [19Sep] Added by Matt on 19Sep; Gary to verify 3+3 | M53: 2-Medium (<4 weeks) | N53: Closed
A54: S180052 | B54: Test Engineering | C54: 43328 | D54: TE82705-2 | F54: Unable to flow out solvent at PUMP A when running 1525 unit due to faulty valve(FV6). Need to replaced BSDA025T-NC PV valve (FV6) which control the flow of solvent to PUMP A. | G54: Flex | H54: Joel | J54: Yee Hwa | K54: 43328 | L54: Flex collected Valve from Yee Hwa and the problem was fixed after replacing valve | M54: 1- High(< 1 week) | N54: Closed
A55: S180053 | B55: Manufacturing Engineering | C55: 43329 | D55: Wat271987 | E55: Others | F55: ECO 9221408 Update Degasser Vent WAT271087 Assy, Vacuum Degasser Vent 2690 . Rev T Encounter sheet 4 of 8 item 19 Part Number WAT271157 without part drawing show. | G55: Flex | H55: Gary | J55: Yee Hwa | L55: Feedback to Milford Eng. Team, New drawing revV will be release. ECR9224681 | M55: 2-Medium (<4 weeks) | N55: Closed
A56: S180054 | B56: Test Engineering | C56: 43329 | D56: TE82760 | E56: New | F56: On the month of Jun & July, Venture production found some failures in Ram-Ray Valley Energy during FLR detectors final test for 5029 models. The UUTs were passed when they replaced with new PMTs. The failed PMTs were used in 2475 models detectors, passed the test. Venture requested Hamamatsu to provide the failed PMTs test data and performed some data analysis and some evaluation to find the correlation between Hamamatsu test data and our test based on our knowledge. Refer to attached slides for details. OESR is requested to be raised to follow up and get some advices from Milford Engineer to look into the possible root causes if this failure occur in future. | G56: Venture | H56: MiMi | J56: Edwin | M56: 3- Low (> 4 weeks & above) | N56: Open
A57: S180055 | B57: Test Engineering | C57: 43329 | D57: TE82503-4 | E57: Repair | F57: TE82503-4 Injector Seal Pack Not able to hold pressure. 1. Ramp and Decay Failed - able to ramp pressure to 5000 PSI but not able to hold-off pressure for the last 3 mins. 2. Action Taken : Verify Calibration : OK, able to calibrate Verify Fittings / tubing : No visible leak from fittings / tubing. Verify Filters : No visible dirt on filters / replaced filters Repair in-progress | G57: Flex | H57: Joel | J57: Hua Zhen | L57: Fixed by replacing air switch and valve | M57: 1- High(< 1 week) | N57: Closed
A58: S180056 | B58: Test Engineering | C58: 43333 | D58: NA | E58: Others | F58: Request to download test report of S/N: H18CMP578G (P/N: 186015043). Reason: One test report could not be printed out due to connector from printer to PC. | G58: Venture | H58: Chan Myae Soe | J58: Hua Zhen | K58: 43335 | L58: [23Aug18] sent test record to Chan | M58: 2-Medium (<4 weeks) | N58: Closed
A59: S180057 | B59: Test Engineering | C59: 43335 | D59: TE83064-15 | E59: Repair | F59: TE83064-15 was having system pressure unstable. Please refers to attached photo. It was required to change I2V check valve for BSM system of tester. Part number required to change is P/N:205001669 (289003706) ASSY, CARTRIDGE, I2V, HEXANE/THF, 1PC . | G59: Venture | H59: EiLwin | J59: Hua Zhen | L59: [23Aug18] After changing 205001669 (289003706) CARTRIDGE I2V HEXANE/THF KIT (Qty 1) tester can resume testing. | M59: 2-Medium (<4 weeks) | N59: Closed
A60: S180058 | B60: Test Engineering | C60: 43335 | D60: TE83064-11 | E60: Repair | F60: E83064-11 was severe leakage at pum B primary. Please refers attached screen shot. It required to be changed one seal set of BSM for Pump B primary. | G60: Venture | H60: EiLwin | J60: Hua Zhen | L60: [23Aug18] After changing BSM seals WAT076152(CRC O-ring 2.016)- Qty 1 W1425000930-R (Seal Wash .0787 ID)- Qty 1 and W1425001037-R (Seal Wash Press Dual Supply) – Qty 1, tester can resume testing. | M60: 2-Medium (<4 weeks) | N60: Closed
A61: S180059 | B61: Test Engineering | C61: 43335 | D61: TE83064-12 | E61: Repair | F61: TE83064-12 is having 1) blockage at right inlet valve, P/N:289006760 of column manager. 2) leakage at right valve inlet tubing P/N:430003154. Please refers to attached photos for reference. We'd like to request P/N:289006760 (Qty 1) and P/N:430003154 (Qty 1) for replacement. | G61: Venture | H61: EiLwin | J61: Hua Zhen | L61: [24Aug18] Repair Parts MRO was raised, waiting for delivery. [29Aug18] Faulity parts are replaced. | M61: 2-Medium (<4 weeks) | N61: Closed
A62: S180060 | B62: Manufacturing Engineering | C62: 43336 | D62: COFP | E62: Others | F62: UUT Serial Number H18TUV969A Certificate of Functional Performance printed WRONG Model Description 5844441 instead of ACQUITY UPLC TUV DETECTOR. Flex would like to request to amend the COFP from 5844441 to ACQUITY UPLC TUV DETECTOR. (refer to scan sample) | G62: Flex | H62: Joel | J62: Desmond | L62: OESR 182748 [28Aug18] Bill Iron Inactivated the record and can reprint now | M62: 2-Medium (<4 weeks) | N62: Closed
A63: S180061 | B63: Test Engineering | C63: 43346 | D63: TE82720-2 | E63: Repair | F63: The tester PC always keep rebooting when PC is power on so not able to use for testing. Currently there are boards W1210000814 for testing. The following are the other PCBA list qualified to test using the tester ( W1210000423-R, W1210000399-R, W1279000592/Z, W1279001098, W1081318 ) | G63: Venture | J63: Hua Zhen | M63: 1- High(< 1 week) | N63: Closed
A64: S180062 | B64: Test Engineering | C64: 43346 | D64: TE82903 | E64: Others | F64: SPARE PN : 700010507 SN 35J7V025 not able to test due to TE82903 Tester GUI 700010507 not able to accept the SPARE serial number 35J7V025. TE82903 Test Software 700010507 is showing INVALID SERIAL NUMBER (refer to screen shot 700010507) If using 700010507 with SN format for SN H18VTU025A, the GUI 700010507 is able to proceed on testing.(refer to screen shot SPARE 700010507). If not able to resolve, this will impact 1st shipment of 700010507 (1 unit) by 10 Sep 2018 | G64: Flex | J64: Edwin | L64: 11th Sep Edwin: Action to be closed. Flex should be using the new Water serial no# format per confirmation. Joel has confirmed he is able to proceed with testing using new serial no# format. No further action required. | M64: 1- High(< 1 week) | N64: Closed
A65: S180063 | B65: Manufacturing Engineering | C65: 43349 | D65: TE82526-2 | E65: Others | F65: TE82525-2 Pump Tray Tester filter detected the presence of oil and may pose risk to operation of pumptray as per assessment with Mandy Stewart (WPPL). Action Taken : - Flex installed another compress air filter before going to pump-trays. Recommendation from Mandy: - To request and replace 3x filters Model : F504-01AH \ SN 9512 - Vendor: Watts Fluidair, Inc Kitter, Maine 0394 | G65: Flex | J65: Yee Hwa | L65: [13Sep18] Discussed with Phani to deliver expectation (applicale to all input): - Tidy up external filter, with labeling of service," where use" - Find out source of oil mist,any way to prevent or reduce - Imporve PM to make sure no oil mist [26 Sep] Develop a project plan on inprovement and PM. To be track in Eng Meeting weekly. | M65: 2-Medium (<4 weeks) | N65: Closed
A66: S180064 | B66: Test Engineering | C66: 43350 | D66: TE83064-12 | E66: Repair | F66: TE83064-12 was having severe leakage and cannot pass dynamic leak test 06-Sep-18. Please refers to attached screen shot for reference. ASSY VALVE VENT 18 K, P/N:279002426 was required to be changed at BSM of tester. | G66: Venture | J66: Hua Zhen | M66: 2-Medium (<4 weeks) | N66: Closed
A67: S180065 | B67: Test Engineering | C67: 43350 | D67: N/A | E67: Others | F67: Request to download test data from 1st Aug 2018 to 07 Sep 2018 of 186015043. Time zone is China Time | G67: Venture | J67: Hua Zhen | L67: [07Sep18] The data has been supplied to Chan | M67: 2-Medium (<4 weeks) | N67: Closed
A68: S180066 | B68: Test Engineering | C68: 43356 | D68: TE83086-2 | E68: Repair | F68: Analog board 210000399 in GTS test fixture was burnt during testing of Aquity RI Persoanality board 210000699.2. Request for replacement and spare 210000339 Analog board | G68: CEI | J68: Hua Zhen | L68: [17Sep18] CEI collected the PCBA from WPPL on 14Sep18 | M68: 1- High(< 1 week) | N68: Closed
A69: S180067 | B69: Manufacturing Engineering | C69: 43356 | D69: 999028048 | E69: Duplicate | F69: Wear and tear of tool. Require replacement. [19Sep] Flex to source spare; no impact to production | G69: Flex | J69: Yee Hwa | L69: Flex to source replacement quotation. 999042121. Quatation provided, decided Yuan Heng on 28Sep ETA: end Oct | M69: 3- Low (> 4 weeks & above) | N69: Open
A70: S180068 | B70: Test Engineering | C70: 43357 | D70: TE82999-1 | E70: Repair | F70: 1. The 210000412 pcba in the TE82999 CPSM Control GTS fixture found shorted causing test failurefpr 210000367 and 210000903 boards. 2. Request for repalcement board for repair. | G70: CEI | J70: Hua Zhen | L70: [17Sep18] MRO was raised on 14 Sep 18; [20Sep18] CA collected the PCB from WPPL on 20sep18; | M70: 1- High(< 1 week) | N70: Closed
A71: S180069 | B71: Test Engineering | C71: 43360 | D71: TE83064-15 | E71: Repair | F71: TE83064-15 was having system over pressure blockage at column 4 of Column Manager. Please refers to attached photo. Tried to purge out blockage in both directions of column 4 but blockage still remained. Column 4 part number 186002350 (qty 1) is required to changed. Please provide it since we don't have spare stock in hand. | G71: Venture | J71: Hua Zhen | L71: [20Sep18] The issue is fixed by replacing column | M71: 1- High(< 1 week) | N71: Closed
A72: S180070 | B72: Test Engineering | C72: 43363 | D72: TE83064-17 | E72: Repair | F72: TE83064-17 was having high leakage at pump B primary. Please refers to attached photo for reference. Pump B primary of BSM of TE17 was required to change BSM seal so that we have changed seals as per below seal list. WAT076152 (CRC O-ring 2.016) ;W1425000930-R (Seal Wash .0787 ID); W1425001037-R (Seal Wash Press Dual Supply) | G72: Venture | J72: Hua Zhen | L72: [21Sep18] Case closed by replacement seals | M72: 1- High(< 1 week) | N72: Closed
A73: S180071 | B73: Test Engineering | C73: 43363 | D73: TE82988-9 | E73: Repair | F73: 1. One power supply at GEOTEST chassis GX7310 having intermittently on-off problem. The Geotest chassis is in GTS tester TE82988-9. 2. Power Supply part number is PRM560. Requesting a replacement unit. 3. This GTS tester is mainly for testing PCBA for Waters UK (Micromass). | G73: CEI | J73: Hua Zhen | L73: [21Sep18] CEI should provide the clear spec of the power supply and the repair cost arrangement between CEI and Waters UK. [24Sep18] CEI will check with Waters UK about the repair cost [02Oct18] Written to Raymond Cribbin on 24 Sep 18. No reply yet. Updated by CA [09Nov18] No update from CA, case closed | M73: 3- Low (> 4 weeks & above) | N73: Closed
A74: S180072 | B74: Test Engineering | C74: 43364 | D74: TE82882-13 | E74: Others | F74: TE82882-13 Test station test software version 4.1 completed test but not able to print report. IP ADDRESS : 10.249.26. 1. Verify network connectivity and able to ping server 2. Verify test print using the computer and is able to print the report 3. Suspect is due to access by tester account is block 4. Flex to leave UUT for Eric to access tonight 5. Raise OESR for support | G74: Flex | J74: Hua Zhen | L74: [21Sep18] OESR182806 was sent to Eric for this urgent case on 21Sep18; [24Sep18] The workaround is print it out from Sigmasure | M74: 1- High(< 1 week) | N74: Closed
A75: S180073 | B75: Test Engineering | C75: 43364 | D75: TE82969-1 | E75: Repair | F75: TE82969-1 Not able to do the linearity Test for 186015032 IP Address : 10.249.26.75 Test Result as below: % RSD Measurement 1.#QNAN Outcome FAIL Mean Measurement 1.#INF Outcome PASS Std Dev Measurement 1.#QNAN Outcome PASS We will leave one unit for Eric for Eric configuration. | G75: Flex | J75: Hua Zhen | L75: [21Sep18] OESR182805 was sent to Eric for this urgent case on 21Sep18 [24Sep18] The problem is fixed by upgrading software to 2.1, an IQ is required for this tester | M75: 1- High(< 1 week) | N75: Closed
A76: S180074 | B76: Test Engineering | C76: 43374 | D76: Hipot Tester/Load | E76: Repair | F76: Load Box S14-03 SN 14354681 able to pass calibration. - Hipot Testreading on the instrument is OK but failed Hipot Test - Suspect to be Hipot cabe S02 , HV Lead Set, high & low, 1m , pls. send replacement cable | G76: Flex | J76: Hua Zhen | L76: [02Oct18] Load Box S14-03 SN 14354681 able to pass from other station, but failed at Alliance Hipot at 400Kohm, Need to replace S02 Cable | M76: 2-Medium (<4 weeks) | N76: Closed
A77: S180075 | B77: Test Engineering | C77: 43374 | D77: Hipot Tester/Load | E77: Repair | F77: Load Box S14-03 SN 14354695 able to pass calibration. - using Resitance test, no reading and observed loose component when shake. - Reapir in-progreass | G77: Flex | J77: Hua Zhen | L77: [02Oct18]Load Box S14-03 SN 14354695 have loose connection. Resolder back and its able to pass testing. Verify at Detector Hi-pot, passed all 3 tests. | M77: 2-Medium (<4 weeks) | N77: Closed
A78: S180076 | B78: Test Engineering | C78: 43375 | D78: Column Manager | E78: Others | F78: Request to download test data from 1st Sep 2018 to 30 Sep 2018 of 186015043. Time zone is China Time | G78: Venture | J78: Hua Zhen | L78: [02Oct18] Sent data to Chan | M78: 2-Medium (<4 weeks) | N78: Closed
A79: S180077 | B79: Test Engineering | C79: 43376 | D79: TE83064-15 | E79: Repair | F79: TE83064-15 has leakage and it is confirmed that cannot pass dynamic leak test. Based on checking, we propose to change pump B primary seal set and vent valve 205001476. Please refers to attached file for BSM leak test result. Please acknowledge for the proposed changes. | G79: Venture | J79: Hua Zhen | M79: 2-Medium (<4 weeks) | N79: Closed
A80: S180078 | B80: Test Engineering | C80: 43376 | D80: Hipot Tester/Load | E80: Repair | F80: Load Box S14-03 SN 14354681 able to pass calibration. - Hipot Testreading on the instrument is OK but failed Hipot Test - S02 , HV Lead Set, high & low, 1m , pls. send replacement cable / or approval 2 buy 2 cable, 1 for replacement and 1 for Spare. | G80: Flex | J80: Hua Zhen | M80: 2-Medium (<4 weeks) | N80: Closed
A81: S180079 | B81: Manufacturing Engineering | C81: 43377 | D81: Label Printer | E81: Others | F81: Production encountered one missing label in the label roll which need to reprint the serial number for 186015201 K18UPP007H. I have checked the printer internally and could not find the missing label. Has confirmed this label has missing sticker on it. We need your support to come to CEI to re-print this label. | G81: CEI | J81: Yee Hwa | L81: Reprinted on 5.Oct. | M81: 1- High(< 1 week) | N81: Closed
A82: S180080 | B82: Test Engineering | C82: 43382 | D82: Hipot Tester/Load | E82: Repair | F82: Found the sleeve of the Power entry adapt cable for Electrical Safety Analyzer Chroma 19032 is loose and because of high voltage testing. The cable has been using for almost 5 years plus. Would like to request for replacement for this cable. | G82: CEI | J82: Hua Zhen | L82: [12Oct18] PO sent to CEI | M82: 2-Medium (<4 weeks) | N82: Closed
A83: S180081 | B83: Manufacturing Engineering | C83: 43383 | D83: TE82943 | E83: Others | F83: BSM TSP: 735002010 Rev L, Software version: 2.2 QSM TSP: 735002155 Rev H, Software version: 1.7 User not able to sign in to test program at QSM & BSM station. Error message indicates valid ID must be included in Operators.txt file located on PC's Desktop. Verify Operators .txt file, user ID is in the file. 1. Mohd Redzuan; ID: 1074371. Unable to access Tester 17 2. Syed Shamsudin; ID 847838. Unable to access Tester 11 to Tester 18 | G83: Flex | J83: Yee Hwa | M83: 2-Medium (<4 weeks) | N83: Closed
A84: S180082 | B84: Test Engineering | C84: 43384 | D84: TE82519 | E84: Repair | F84: TE82519 2690 Pump Mechanics Tester failing on Ramp and Decay test. Action taken to verify the failure: 1)Replaced external interface tubing p/n:WAT024024-07 2)Retightened all internal interface tubing and ensure no leaking in any of them. 3)Replaced inline filter p/n:WAT035190 4)Ensure that Flow valve p/n:AFSVO for FV1 and FV2 has no leakage 5)Replaced Mirco Solenoid valve p/n:M401-37 for Flow Valve 1 due to air leakage at the end of poly tubing going to flow valve 1. 6)Unit Pass after replacing micro solenoid valve p/n:M402-37 for Flow valve 1. Conslusion: We need to have spares of micro solenoid valve p/n:M402-37 in order to refrain from downtime. | G84: Flex | J84: Hua Zhen | L84: [12Oct18] Tester is fixed by Flex | M84: 2-Medium (<4 weeks) | N84: Closed
A85: S180083 | B85: Test Engineering | C85: 43389 | D85: TE82998 | E85: Others | F85: 1.Due to frequent failure of 725000459 Degasser board in GTS fixture for 210000422 pcba testing, we will like to request one or two spare boards. 2. This is to expedite repair of the fixture when need to prevent downtime to production testing. | G85: CEI | J85: Hua Zhen | L85: [18 Oct 18] The PCB is ready for collection | M85: 2-Medium (<4 weeks) | N85: Closed
A86: S180084 | B86: Test Engineering | C86: 43390 | D86: Waters Portal | E86: Others | F86: During the ASP and TSP review for 2nd half yearly, i am not able to open all the TSP for CPSO and ASO model in Waters Portal. It show that 'No authority for this Material' . Please see attached pictures. Please advice. Thanks | G86: CEI | J86: Hua Zhen | L86: [18Oct18] sent email to CEI to have details about this request. [19Oct18] OESR 182865 was raised [23Oct18] Asked Wang to list all affected TSP and persons. OESR was raised to Milford. Monitor the status; Milford TE group advised to have BT to support this issue. BT Request ID: B5S4RG | M86: 3- Low (> 4 weeks & above) | N86: Closed
A87: S180085 | B87: Test Engineering | C87: 43391 | D87: TE82998-12 | E87: Repair | F87: When loading the test software for W1210000478 & W1210000400 both are for USA PCBA , there is an error loading pop up when executing or clik the " Test UUT " button after selecting PCBA number to test. Please refer to the error screenshot attached in other page. | G87: Venture | J87: Hua Zhen | L87: [07Nov2018] Management decided the new GTS will be used for MS boards testing only. So this request will be closed with KIV. Re-opne again if the direciton was changed. | M87: 2-Medium (<4 weeks) | N87: Closed
A88: S180086 | B88: Test Engineering | C88: 43398 | D88: TE82988-2 | E88: Repair | F88: 1. The model 210000345 not be able to pass the testing. Error message prompted "Test +5V VCC Voltage Monitor Readback". Note : Currently we have 86 pcs boards pending for test and shipment will be on risk . | G88: Flex | J88: Hua Zhen | L88: [26Oct18] A CPU board was loaded with firmware 1.46 and it's fixed by 25 Oct 2018 | M88: 1- High(< 1 week) | N88: Closed
A89: S180087 | B89: Test Engineering | C89: 43402 | D89: TE82720-1 | E89: Repair | F89: Waters Universal Front End Test Platform TE82720-1 down not able to initialize the ATE when continue to the diagnostic it shows the “SYSTEM POWER SUPPLIES” Is failing at +5V . We measure the power module there is no +5V from the output . Please advice is it the +5V power module is bad ? | G89: Flex | J89: Hua Zhen | L89: [30Oct18] Advised Flex Senai to check power supply [07Nov18] Tester was fixed by checking the test fixutre as per advised. | M89: 1- High(< 1 week) | N89: Closed
A90: S180088 | B90: Test Engineering | C90: 43402 | D90: TE82895 | E90: Repair | F90: . The model 404 not able to continue testing. Fail at "Voltages test". Note : shipment will be at risk . | G90: Flex | J90: Hua Zhen | L90: [30Oct18] Advised Flex Senai to check power supply [07Nov18] Tester was fixed by reconnecting the USB cables after tryied with CPU & Charge Board | M90: 1- High(< 1 week) | N90: Closed
A91: S180089 | B91: Test Engineering | C91: 43412 | D91: SigmaSure | E91: Others | F91: Request to download test data from 1st Oct 2018 to 31 Oct 2018 of 186015043. Time zone is China Time | G91: Venture | J91: Hua Zhen | M91: 3- Low (> 4 weeks & above) | N91: Closed
A92: S180090 | B92: Manufacturing Engineering | C92: 43418 | D92: TE82883-13/14 | E92: Others | F92: TE82882-13 and TE82882- 14 have following issue on the Empower: 1. PDA - one position only 2. ELambda - Not availalble from the Tester 13 and 14 Pls. activate the remaining position or be able to improve the capacity. | G92: Flex | J92: Yee Hwa | L92: [14Nov18] Desmond emailed to Eric for the support [15Nov18] Eric required instrument connected to PC for the configuration | M92: 2-Medium (<4 weeks) | N92: Closed
A93: S180091 | B93: Test Engineering | C93: 43419 | D93: TE83064-16 | E93: Repair | F93: Tubing P/N:430003154, Assy Welded Tube, SS,.003 IDx14.5LG which is an inlet tubing to right column valve of Column Manager.It is having bloackge. It caused priming pressure high & system overpressure during Dynamic Leak test and chemistry tests. We did purge out the blockage and continued running the test. Now, failures due to this tubing bloackage become higher. Therefore, I'd like to request tubing P/N:430003154, Assy Welded Tube, SS,.003 IDx14.5LG (Qty 1). | G93: Venture | J93: Hua Zhen | M93: 2-Medium (<4 weeks) | N93: Closed
A94: S180092 | B94: Test Engineering | C94: 43419 | D94: TE82943-14 | E94: Repair | F94: TE82943-14 No able to Boot-Up IP Address : 10.249.26. 14 1. Off the CPU and restart. 2. Not able to boot-up to Windows OS 3. Display can reach until Bios only 4. Suspect to be Motherboarr or HDD. 5. Request for replacment Workstation PC and reconfiguration. Risk; DAily build and Test for 2 weeks. 15 units per day of mix model | G94: Flex | J94: Hua Zhen | L94: OESR was raised | M94: 1- High(< 1 week) | N94: Closed
A95: S180093 | B95: Manufacturing Engineering | C95: 43420 | D95: TE83064 | E95: Others | F95: Looking at the SigmaSure data for FTN autosamplers (186015046 and 186015088), it looks as if we have replaced the occasional needle, and it's unclear if we ever replace any stationary side tubes. Based on this, there are three possibilities: This part is not selectable in the replacement part drop-down Is replaced with the wash block assembly It is never replaced I imagine that we do replace stationary tubes occasionally, but perhaps I'm mistaken. What I'm wondering is: on these small diameter tubes (and on the inject valve, with small passages), do we replace many parts for a blockage/high backpressure condition? If so, then how often/how many? Thanks, Mike | G95: Milford | J95: Desmond | L95: [16Nov18] OESR 182917 [23Nov18] Reply to Mike and Chau on the answers. | M95: 2-Medium (<4 weeks) | N95: CLOSED
A96: S180094 | B96: Test Engineering | C96: 43425 | D96: TE82743-03 | E96: Repair | F96: Racal Functional Tester vacuum always turn on. A Medium operation of the tester is the vaccum only on at the start of the test of any UUT and off when the test stop. But currently the situation is the vaccum always on. | G96: Venture | J96: Hua Zhen | L96: [23Nov18] OESR 182936 [07Dec18] contacted the local supplier for the valve, wait for quotation | M96: 2-Medium (<4 weeks) | N96: Open
A97: S180095 | B97: Test Engineering | C97: 43425 | D97: TE82943 | E97: Others | F97: As per figures shown in page 12 of TSP 735003612 RevD and page 13 of TSP 735002010 - Rev L, gold plated compression screw (PN:405003608 and 410001349) are used for PN:430001150 interface tube. However, stainteless steel compression screws (PN:WAT025313 and WAT022330) are using for 430001150 at existing test stations(TE82943) as per project transfer. We would like to evaluate to standardise by using gold plated compression screw as per TSP. | G97: Venture | J97: Hua Zhen | L97: [23Nov18] Advised Chan to carry out the evaluation during engineering meeting | M97: 2-Medium (<4 weeks) | N97: Closed
A98: S180096 | B98: Test Engineering | C98: 43425 | D98: TE82943 | E98: Others | F98: Production is seeing high failure of 0.3ml flow rate accuracy failure at TE#1. Please kindly refer to the "TE82943_1 High Failure.pptx" | G98: Venture | J98: Hua Zhen | L98: [23Nov18] OESR#182935 [07Dec18] Received tubings and start evaluation in Jan 2019 | M98: 2-Medium (<4 weeks) | N98: Open
A99: S180097 | B99: Manufacturing Engineering | C99: 43428 | D99: 999045819 | E99: Others | F99: Tooling 999045819 Spiral Wrap 3 , Both roller unable to hold tubing due to wear n tear . Affecting for both models 186269505 & 186269506. | G99: Flex | J99: Yee Hwa | L99: Sourcing in progress. | M99: 2- Medium(<4 weeks) | N99: Open
A100: S180098 | B100: Test Engineering | C100: 43432 | D100: TE83064-13 | E100: Repair | F100: Tubing P/N:430003154, Assy Welded Tube, SS,.003 IDx14.5LG which is an inlet tubing to right column valve of Column Manager was broken at joint between tubing and compression screw due to wear & tear. Please refers to attached photo for reference. Tester 13 cannot performing testing since we have no spare for P/N:430003154. Request to provide a replacement tubing. | G100: Venture | J100: Hua Zhen | L100: Fiexed by replacing inline filter | M100: 1- High(< 1 week) | N100: Closed
...

Sheet 2021
A1: Log Number | B1: Engineering Group | C1: OESR Date Received | D1: Target Closure Date | E1: TE Tool No | F1: Problem Summary | G1: Site | H1: Originator | I1: Assignee (WPPL) | J1: Date Completed | K1: Remark/Closure | L1: OESR to Milford | M1: Milford OESR No. | N1: 1- High(< 1 week) | O1: STATUS | P1: Time for closure (Days) | Q1: Open Days
A2: S21001 | B2: Test | C2: 44202 | D2: 44225 | E2: TE82943-15 | F2: 1. Problem Statement. - TE82943-15 Electroncis Balance have missing segment display, Power Supply is OK - Suspect to be display or internal ciscuit issue. Not able to repair at Flex 2. Acceptance criteria that is not met. (e.g. relevant specification number and revision) - Balance shall have display to be able to read measurement. 3. Relevant records (e.g. Incomin QA, Test Records, Photos, trackise NCRs numbers and related issue) - Refer to attached pictures. 4. Info on whether this issue impacts revenue. - shall impact revenue for BSM and QSM Plus as the test station is common to 186015001 and 186015080. | G2: Flex | H2: Joel | I2: Hua Zhen | J2: 44211 | K2: [8Jan21] Flex to get Quote from Vendor; [14Jan21] Repair request was approved. Flex to follow up this repair with supplier | L2: No | N2: 1- High(< 1 week) | O2: Close | P2: =NETWORKDAYS(C2, J2) -> 8
A3: S21002 | B3: Manufacturing | C3: 44202 | E3: NA | F3: Reprint of Waters Label due to : 1. 186015043 (1 label) - "Product of Singapore" had faded and affected serial number is A21CMP530G. Please refer to the attachement "A21CMP530G.JPG" | G3: Venture | H3: Chan | I3: Yee Hwa | J3: =C3 -> 44202 | K3: Reprinted label. | L3: No | N3: 1- High(< 1 week) | O3: Close | Q3: =NETWORKDAYS(C3, TODAY()) -> 9
A4: S21003 | B4: Manufacturing | C4: 44203 | E4: NA | F4: 1. Problem Statement. - ISNL for Model 186015033 printed out wrong SN and COO 2. Acceptance criteria that is not met. (e.g. relevant specification number and revision) - Correct SN "A21UPL315A" - Correct COO "Product of Singapore" 3. Relevant records (e.g. Incomin QA, Test Records, Photos, trackise NCRs numbers and related issue) - Refer to PDF attachment for details "OESR Reprint ISNL A21UPL315N 2021-01-06" 4. Info on whether this issue impacts revenue - Yes impact to revenue | G4: Flex | H4: Aldwin | I4: Eugene | J4: 44209 | K4: Reprinted label with right COO and SN. | L4: No | N4: 1- High(< 1 week) | O4: Close | P4: =NETWORKDAYS(C4, J4) -> 5
A5: S21004 | B5: Manufacturing | C5: 44207 | E5: NA | F5: Sigmasure is down and we are unable to scan genealogy data for the current built instrument. It is confirmed that all the PCs cannot access SigmaSure and prompt "network error" | G5: Venture | H5: Alan | I5: Yee Hwa | J5: =C5 -> 44207 | K5: SS recovered in same day. | L5: No | N5: 1- High(< 1 week) | O5: Close | Q5: =NETWORKDAYS(C5, TODAY()) -> 6
A6: S21005 | B6: Test | C6: 44208 | E6: NA | F6: Description:ICT Fixture transfer from China to request ICT fixtures files/program and onsite set up Items needed: 1) ICT program 2) ICT Fixtures files. 3) Onsite support to configure and program set up. Affected Part No : W1210001115 Shipment Impact:No Estimated Date: Jan 2021 Additional Time needed for analysis: 7 days Attachment: ICT Fixture Image | G6: Venture | H6: Ricky | I6: Edwin | J6: 44211 | K6: [14Jan21] Waters UK was informed regarding request from Venture. Venture to follow up the request. | L6: No | N6: 2-Medium | O6: Close | P6: =NETWORKDAYS(C6, J6) -> 4
A7: S21006 | B7: Test | C7: 44210 | D7: 44217 | E7: TE83064-15 | F7: Description : Communication failure and long beep sound at TUV Detector S/N:G05UPT009N from FTN tester TE83064-15. Steps of Analysis : 1. Power cycled TUV and tried. Still failed. 2. Shut Down system PC and tried. Still failed. 3. Swapped LAN cable of TUV with a good known LAN, still failed. 4. Swapped Ethernet port and tried still failed. Shipment Impact : No shipment impact due to this issue. Estimated Date : NA Additional Time needed for analysis : No further failure analysis could be performed. Attachment : Failure screenshot | G7: Venture | H7: Lwin | I7: Hua Zhen | K7: [14Jan21] Tried with reload firmware, the original communication issue was resolved.But failing with calibration error. Will check if can fix it by re-calibrate | L7: No | N7: 2-Medium | O7: Open | Q7: =NETWORKDAYS(C7, TODAY()) -> 3
A8: S21007 | B8: Test | C8: 44210 | D8: 44217 | E8: NA | F8: Description : *.xml files found at sigmaqueue and sendbuffer folders. Steps of Analysis : From recent tester PC manintenance, found *.xml files inside sigmaquene and sendbuffer folders for some of the testers. Please refers to attached file for tester ID. Shipment Impact : No shipment impact due to this issue. Estimated Date : NA Additional Time needed for analysis : No further failure analysis could be performed. Attachment : Attached affected testers and their IP address. Attached screenshot of xml file. | G8: Venture | H8: Lwin | I8: Hua Zhen | K8: [14Jan21] OESR 214548 was created for this request. Matt will look into this request | L8: Yes | M8: 214548 | N8: 2-Medium | O8: Open | Q8: =NETWORKDAYS(C8, TODAY()) -> 3
A9: S21008 | B9: Manufacturing | C9: 44211 | E9: NA | F9: 1. Problem Statement. - Observed slowness or long time to print ISNL and COFP via enLabel. It takes an average of 182 sec each to print 1x ISNL or 1x COFP. 2. Acceptance criteria that is not met. (e.g. relevant specification number and revision) - Faster print out, approx 10 to 20 sec to print each INSL or COFP. 3. Relevant records (e.g. Incomin QA, Test Records, Photos, trackise NCRs numbers and related issue) - NA 4. Info on whether this issue impacts revenue - Yes impact to revenue. | G9: Flex | H9: Aldwin | I9: Eugene | L9: No | N9: 1- High(< 1 week) | O9: Open | Q9: =NETWORKDAYS(C9, TODAY()) -> 2
A10: S21009
A11: S21010
A12: S21011
A13: S21012
A14: S21013
A15: S21014
A16: S21015
A17: S21016
A18: S21017
A19: S21018
A20: S21019
A21: S21020
... A251: S21250

Sheet 2019
A1: Log Number | B1: Engineering Group | C1: OESR Date Received | D1: TE Tool No | E1: Category | F1: Problem Summary | G1: Site | H1: Originator | I1: Assignee 1 (UK/ US) | J1: Assignee 2 (WPPL) | K1: Date Completed | L1: Today | M1: Remark/Closure | N1: OESR to Milford | O1: 1- High(< 1 week) | P1: STATUS | Q1: Time for closure (Days) | R1: Total Time Taken | S1: Priority | T1: Open Days
A2: S190001 | B2: Test Engineering | C2: 43468 | F2: PDA FINAL TEST EQUIPMENT at Flex currently have 6 pcs of PDA Medium Shunt PN # 289002226, Last Q4'2018 Weekly ave. build and test is 40 units, moving forward next week PDA shall require weekly ave. of 54 units.of build and test. Therefore, Flex would like to request for add'l 3 units of shunts 289002226 to cope up with production. | G2: Flex | J2: Yee Hwa | M2: Loaned 2 PDA Medium Shunt and 3 TUV Shunt to Flex, to be return if shipment reduce. | N2: No | O2: 2- Medium(<4 weeks) | P2: Closed | Q2: 2 | R2: =Q2*0.25 -> 0.5 | S2: 2- Medium(<4 weeks)
A3: S190002 | B3: Manufacturing Engineering | C3: 43468 | F3: MPMV Station Assy on motor 999027590 Motor to Housing Assy Fixture can tighten one cycle of screw and stop unble to tighten in second cycle. Note : Without load motor able to run full cycle and with load with motor unable complete full cycle. | G3: Flex | J3: Yee Hwa | M3: Adjusted "Torque driver swtich pressure"- solved | N3: No | O3: 1- High(< 1 week) | P3: Closed | Q3: 1 | R3: =Q3*0.5 -> 0.5 | S3: 3- Low (> 4 weeks & above)
A4: S190003 | B4: Test Engineering | C4: 43469 | F4: Request PM procedure for TCM II with PN 186002441 | G4: Flex | J4: HuaZhen | M4: [04Jan2019] Sent PM procedure to Joel [11Jan19] OESR 193050 [08Feb19] The updated PM procedure was received by ECO. Flex was informed and started with PM | N4: Yes | O4: 2- Medium(<4 weeks) | P4: Closed | Q4: 26 | R4: =Q4*0.25 -> 6.5 | S4: 1- High(< 1 week)
A5: S190004 | B5: Test Engineering | C5: 43278 | D5: TE82943 | E5: Others | F5: Missing serial number at the bottom of the test report (Ser.No) of Acquity BSM 18K PLUS test in some Test record and it is encountered across all test stations TE82943 #1,#19,#20,#21,#22 and #24. Please kindly refer to the "BSM Test Record.JPG" | G5: Venture | H5: Chan Myae Soe | I5: Milford - Ed Jackson | J5: Yee Hwa | K5: 43721 | M5: OESR 182626 [30Aug18] Ed Reply: No updates to report. Expect to look into this anomaly soon. It's not repeatable and completely random from what I've discovered. [19Oct18] Ed update: Made a Test Program code modification on the TE Lab PC and is under evaluation. [11Jan19] Checked with Venture, the issue is still existing randomly. [31Jan19] 29Jan2019: It has not been resolved and still require support to solve the issue. 29-Jan-2019: A fix for this intermittent condition has been added to the latest test programs. It was going to be released along with Firebrick firmware in January. However, Firebrick firmware is now being rolled up into Gold firmware. So now it will be released in April with the Gold firmware release. Apr23: same status. expecting release soon. [13Sep19]formally close TMD010661 v02 as ECO9229308 is already implemented | N5: Yes | O5: 2- Medium(<4 weeks) | P5: Closed | Q5: =NETWORKDAYS(C5,K5) -> 318 | R5: =Q5*0.25 -> 79.5 | S5: Status
A6: S190005 | B6: Test Engineering | C6: 43276 | D6: TE83064-All | E6: Upgrade | F6: Starting from end of April (mainly after software & firmware updates) till now, we are observing high Needle Seal Force failures for all FTN models at all testers. Please refers to attached ppt files for information that we observed about this failure. The purpose of this OESR is to request help from Waters' Test engineer for Needle Seal Force failure and to prequest direction to prevent/reduce this failure. | G6: Venture | H6: Eilwin | I6: Milford-Rick | J6: HuaZhen | N6: Yes | O6: 3- Low (> 4 weeks & above) | P6: Closed | Q6: 162 | R6: =0.1*Q6 -> 16.2 | S6: Open
A7: S190006 | B7: Test Engineering | C7: 43336 | D7: TE83013 | E7: Upgrade | F7: TE83013-1 is observed to experience a test sequence error at "Ecord Interface Test" by skipping to instruct to connect "Ecord" to the UUT while testing for 186015042. They have recently changed the tester PCBA P/N:210000367 (ASSY PCB CPSM CONTROLPCB) Rev H because existing P/N:210000367 Rev G was faulty on 14-Aug-2017. Refer to videos for failure occurrence. | G7: Venture | H7: WPPL - Siew Yee | I7: Milford-Matt | J7: HuaZhen | K7: 43790 | N7: Yes | O7: 3- Low (> 4 weeks & above) | P7: Closed | Q7: =NETWORKDAYS(C7,K7) -> 325 | R7: =0.1*Q7 -> 32.5 | S7: Closed
A8: S190007 | B8: Test Engineering | C8: 43297 | D8: TE83031-1 | E8: New | F8: The existing optics bench alignment stations are using Golden flow cell to align all the optics benches.These Golden flow cells do not have the proper PM procedure to maintain their performance initially.Venture recently working with WPPL to release PM procedure for these golden flow cells. PM could help to improve flow cell performance for mechanically but it couldn't help when the flow cells are facing optically degaraded and againg. Milford Engineer agreed Venture should have one back up golden flow cell in any case of flow cell degrading over a few years of usage and for not interrupting production while it waiting Milford to send over new Golden flow cell. Request to send over new Golden Flow cells for Optics Alignment Test Stations. Please share with us how to perform the measurement and any specification threshold for replacement. Refer to attached photos of Ref photo diode flow cell. | G8: Venture | H8: MiMi | J8: Mandy | K8: 43753 | N8: No | O8: 3- Low (> 4 weeks & above) | P8: Closed | Q8: =NETWORKDAYS(C8,K8) -> 327 | R8: =0.1*Q8 -> 32.7 | S8: category
A9: S190008 | B9: Test Engineering | C9: 43329 | D9: TE82760 | E9: New | F9: On the month of Jun & July, Venture production found some failures in Ram-Ray Valley Energy during FLR detectors final test for 5029 models. The UUTs were passed when they replaced with new PMTs. The failed PMTs were used in 2475 models detectors, passed the test. Venture requested Hamamatsu to provide the failed PMTs test data and performed some data analysis and some evaluation to find the correlation between Hamamatsu test data and our test based on our knowledge. Refer to attached slides for details. OESR is requested to be raised to follow up and get some advices from Milford Engineer to look into the possible root causes if this failure occur in future. | G9: Venture | H9: MiMi | J9: Edwin | N9: No | O9: 3- Low (> 4 weeks & above) | P9: Closed | Q9: 230 | R9: =0.1*Q9 -> 23 | S9: Repair
A10: S190009 | B10: Manufacturing Engineering | C10: 43356 | D10: 999028048 | E10: Duplicate | F10: Wear and tear of tool. Require replacement. [19Sep] Flex to source spare; no impact to production | G10: Flex | J10: Yee Hwa | K10: =TODAY() -> 44214 | M10: Flex to source replacement quotation. 999042121. Quatation provided, decided Yuan Heng on 28Sep ETA: end Oct | N10: No | O10: 3- Low (> 4 weeks & above) | P10: Closed | Q10: =NETWORKDAYS(C10,K10) -> 613 | R10: =0.1*Q10 -> 61.3 | S10: Duplicate
A11: S190010 | B11: Test Engineering | C11: 43425 | D11: TE82743-03 | E11: Repair | F11: Racal Functional Tester vacuum always turn on. A Medium operation of the tester is the vaccum only on at the start of the test of any UUT and off when the test stop. But currently the situation is the vaccum always on. | G11: Venture | J11: HuaZhen | M11: [23Nov18] OESR 182936 [07Dec18] contacted the local supplier for the valve, wait for quotation [10Jan19] PO was issued and asked ETA today [01FEB19] Part ETA early Mar; | N11: Yes | O11: 3- Low (> 4 weeks & above) | P11: Closed | Q11: 56 | R11: =0.1*Q11 -> 5.6 | S11: New
A12: S190011 | B12: Test Engineering | C12: 43425 | D12: TE82943 | E12: Others | F12: Production is seeing high failure of 0.3ml flow rate accuracy failure at TE#1. Please kindly refer to the "TE82943_1 High Failure.pptx" | G12: Venture | J12: HuaZhen | M12: [23Nov18] OESR#182935 [07Dec18] Received tubings and start evaluation in Jan 2019 [11Jan18] Installed tubing on TE1, The test result shows positive, it's under monitoring with more test data [31Jan19] Test result shows improvement of FPY | N12: Yes | O12: 3- Low (> 4 weeks & above) | P12: Closed | Q12: 55 | R12: =0.1*Q12 -> 5.5 | S12: Upgrade
A13: S190012 | B13: Manufacturing Engineering | C13: 43428 | D13: 999045819 | E13: Others | F13: Tooling 999045819 Spiral Wrap 3 , Both roller unable to hold tubing due to wear n tear . Affecting for both models 186269505 & 186269506. | G13: Flex | J13: Yee Hwa | K13: 43712 | M13: Sourcing in progress. [04Sep19] Closed during eng meeting. Tools in use now | N13: No | O13: 3- Low (> 4 weeks & above) | P13: Closed | Q13: =NETWORKDAYS(C13,K13) -> 203 | R13: =0.1*Q13 -> 20.3 | S13: Others
A14: S190013 | B14: Test Engineering | C14: 43431 | D14: TE82988-2 | E14: Others | F14: 1. Model 210000384 boards failing at TE82988-2 GTS Tester but when test at 2690 TE 82510 Tester the boards able to passed. Failed Test UUT Power : (GTS TE82988-2) 1.Power Supply Status - Failed 2.Test 3.3V Supply - marginal failure Note : shipment will be at risk . | G14: Flex | J14: HuaZhen | M14: [07Dec18] Milford is evaluating if need to change the spec or not [11Jan19] OESR 182950 : 28-Nov-2018: The failure has been assessed. A VAF has been created, reviewed and approved. 29-Nov-2018: An EDV is required, (created, reviewed, approved, executed). Then an EDV Report will need to be created, reviewed and approved. From this point the new test program can be released to production. Current thinking is that we may have these documents in approved at the earliest 03-Dec-2018. [08Feb19] Sent the schematic to Flex and asked them to focus on troubleshooting of 'Test UUT Power' as it's the majority of failures. [14Feb19] Test program was upgraded to version 0.1. Waiting for validation from Milford | N14: Yes | O14: 3- Low (> 4 weeks & above) | P14: Closed | Q14: 49 | R14: =0.1*Q14 -> 4.9
A15: S190014 | B15: Test Engineering | C15: 43439 | D15: TE82475 | E15: Others | F15: 1. PCBA Controller PN Not Available Qty: 1 pc. 2. Transducer (Range 2000 PSI) - PN not available Qty: 1 pc Note: 1. Need to get advise from Mlford as mention parts are Waters customised board 2. Not able to open the flow cell tester as Flowcell running everyday. | G15: Flex | J15: HuaZhen | M15: OESR: 182975 OFI | N15: YES | O15: 3- Low (> 4 weeks & above) | P15: Closed | Q15: 5 | R15: =0.1*Q15 -> 0.5
A16: S190015 | B16: Test Engineering | C16: 43439 | D16: TE82534 | E16: Others | F16: SPARE PARTS REQUEST : DESCRIPTION Qty Required: 1. PCBA Controller PN SC2072 ASSY181310-02 National Instruments 1 pc. 2. Waters Pump Conctrol Module - PN not available from Front/Back View 1 pc Note: Above parts not able to source by Flex. Refer to Attach TE 82534 515 Final Tester | G16: Flex | J16: HuaZhen | M16: OESR: 182975, shared OESR with above OFI | N16: No | O16: 3- Low (> 4 weeks & above) | P16: Closed | Q16: 5 | R16: =0.1*Q16 -> 0.5
A17: S190016 | B17: Test Engineering | C17: 43439 | D17: TE82613 | E17: Others | F17: SPARE PARTS REQUEST : DESCRIPTION Qty Required: 1. TE82613 Pump Mechanic Run In Modeule PCBA PA not available Note: Pls. refer to attach TE 82613-2 Pump Mechanic Run In Module file | G17: Flex | J17: HuaZhen | M17: OESR: 182975,shared OESR with above OFI | N17: No | O17: 3- Low (> 4 weeks & above) | P17: Closed | Q17: 5 | R17: =0.1*Q17 -> 0.5
A18: S190017 | B18: Test Engineering | C18: 43439 | D18: TE82705 | E18: Others | F18: SPARE PARTS REQUEST : DESCRIPTION Qty Required: 1. Interface Card 1 set 2. Controller Card 1 set Note: PCBA Controller No Part Number on the surface Refer to Attach TE 82705 1500 Series Pump Final Test Sation | G18: Flex | J18: HuaZhen | M18: OESR: 182975,shared OESR with above OFI | N18: No | O18: 3- Low (> 4 weeks & above) | P18: Closed | Q18: 5 | R18: =0.1*Q18 -> 0.5
A19: S190018 | B19: Test Engineering | C19: 43439 | D19: TE82534 | E19: Others | F19: SPARE PARTS REQUEST : DESCRIPTION Qty Required: 1. 515 Bezel Assembly Tester 1 set Note: PCBA Controller No Part Number on the surface Refer to Attach TE 82581 Bezel Assembly Tester | G19: Flex | J19: HuaZhen | M19: OESR: 182975,shared OESR with above OFI | N19: No | O19: 3- Low (> 4 weeks & above) | P19: Closed | Q19: 5 | R19: =0.1*Q19 -> 0.5
A20: S190019 | B20: Test Engineering | C20: 43430 | D20: TE82817 | E20: Upgrade | F20: During business review, it is found that TE82817 is at high risk and it could be down any time. This tester down can cause production line of PCM to be stopped. This test station has IBM M50 PC and test box which are very old. Upon checking, IBM M50 pc was manufactured in 2003 and its OS is window XP. Test box for PCM is also an old test box. Please refers to attached photos for reference. Therefore, request to upgrade PC and test box for TE82817. | G20: Venture | J20: HuaZhen | M20: [19Dec18]OESR 183008 [20ec18] Jaaffar said it's not high on piority list and asking if WPPL can build a new tester; [11Jan19] Mandy was identified as POC to follow up this new tester moderize project. | N20: YES | O20: 3- Low (> 4 weeks & above) | P20: Closed | Q20: 35 | R20: =0.1*Q20 -> 3.5
A21: S190020 | B21: Test Engineering | C21: 43460 | D21: TE82900-2 | E21: Others | F21: Request for functional tester wiring diagram to aid in troubleshooting. | G21: Flex | J21: HuaZhen | M21: OESR183012 [26th Dec 18] Senai's ST Ng raised a request for schematics on wiring diagram of functional testers [01Jan19] Received Diagram | N21: YES | O21: 2- Medium(<4 weeks) | P21: Closed | Q21: 4 | R21: =Q21*0.25 -> 1
A22: S190021 | B22: Test Engineering | C22: 43461 | D22: TE9046-11 | E22: Repair | F22: To repair the testware frequency board. | G22: Flex | J22: HuaZhen | M22: [28th Dec 18] Senai's Sua raised a request for ICT test fixture repair | N22: No | O22: 2- Medium(<4 weeks) | P22: Closed | Q22: 1 | R22: =Q22*0.25 -> 0.25
A23: S190022 | B23: Test Engineering | C23: 43474 | D23: TE82988-9 | E23: Repair | F23: 1. GEOTEST chassis in GTS tester TE#82988-9 randomly shuts down. 2. Found cause of shutdown due to one DC power supply module in the GEOTEST chassis. 3. Power supply module was check and cleaned. No visible defect found. 4. The unit may run Ok for many days, then suddenly shutdown by it self. 5. A replcement power power supply module is required. See attaached. 6. This GTS tester is mainly for testing PCBA for Waters UK (Micromass). | G23: CEI | J23: HuaZhen | M23: [10Jan19] Edwin checked with Ray to proceed with parts purchasing and replacement, Crosscharge to UK; [11Jan19] GeoTest Chassis was loan to CEI; Asked to either repair their existing chassis or return the bad chassis if they're not able to source PSU replacment | N23: No | O23: 2- Medium(<4 weeks) | P23: Closed | Q23: 2 | R23: =Q23*0.25 -> 0.5
A24: S190023 | B24: Test Engineering | C24: 43474 | D24: TE82988-2 | E24: Repair | F24: Model 2100001203 & 2100001164 tested using same FT Fixture TE0084037-2 failure FT Test with Error message prompted "Is Scope Triggered?" . Retest 5 boards each model also failure above similar failure mode. Senai engineer was try to change cable from TE82888 card to UUT but still having similar failure. I also change spare cable from TE82888 card to 210000415 cards in fixture but still same failure. | G24: Flex | J24: HuaZhen | M24: [10Jan19] OESR 193041 [11Jan19] Test Sequence online debug option was enabled. Richard deselected the option as Administrator | N24: Yes | O24: 1- High(< 1 week) | P24: Closed | Q24: 2 | R24: =Q24*0.5 -> 1
A25: S190024 | B25: Test Engineering | C25: 43476 | D25: TE82510 | E25: Repair | F25: 1. 210000411 board were tested on the Alliance tester with the fixture (Job# 3011206), the test output a corrupted display on the backlit LCD along the test and failed at the test sequence "FLOPPY INTERFACE TEST, TESTING FLOPPY ON J-27 **** ACCESSING FILE **** 2. For the display output corruption issue, display were swapped with another assembly with the display producing very dim output, we were able to see that the output was still corrupted as in the sample image attached together in email. 3. For "FLOPPY INTERFACE TEST, TESTING FLOPPY ON J-27 **** ACCESSING FILE **** , we've swapped the floppy disk along with the IDE cable. The floppy drive were able to be turned on and were actuating the floppy disk for reading. 4. All probes changed. | G25: Flex | J25: HuaZhen | M25: [11Jan19] OESR 193051 [15Jan19] Received a text file from Edward Jackson and asked Flex to rerun the test with file from Milford [31Jan19] Flex KP sent 411 fixture to Flex Senai and ETA to Flex Senai on 4th Feb 2019 [08Feb19] Ed has confirmed the fixture was verified in Milford and Flex Senai did verification of fucationality too. Both verification shows the fixture is in good working and fit for prodution test. | N25: Yes | O25: 2- Medium(<4 weeks) | P25: Closed | Q25: 20 | R25: =Q25*0.25 -> 5
A26: S190025 | B26: Test Engineering | C26: 43482 | D26: TE83064-10 | E26: Repair | F26: There was leakge at BSM of TE83064 -10 during dynamic leak test. After checking BSM dynamic test through console, there were minor leakage found on Accumulator of Pump A and Pump B. After changing these seals, there was still leakge at dynamic leak test (by pass) more than 1000nL caused by BSM vent valve. After changing BSM vent valve, resolved leakage issue. Here is request for replacement of (x2) set of BSM seal and BSM vent valve. | G26: Venture | J26: HuaZhen | M26: [18Jan19] The tester is fixed and a MRO needs to be raised for Vent Valve | N26: No | O26: 2- Medium(<4 weeks) | P26: Closed | Q26: 1 | R26: =Q26*0.25 -> 0.25
A27: S190026 | B27: Test Engineering | C27: 43483 | D27: TE82988-9 | E27: Repair | F27: 1. Pickering 40-139-201 52-SPDT Relay Card at Geotest Chaasis Slot 19 having some bad relays causing test failures to PCBA testing. 2. Request a replacement card. | G27: CEI | J27: HuaZhen | M27: [18Jun19] Checked with CA regarding OESR, and he agreed to close this OESR for time being and need to discuss with Edwin if going to buy another spare since the original spare is still holding in Milford. | N27: No | O27: 3- Low (> 4 weeks & above) | P27: Closed | Q27: 1 | R27: =0.1*Q27 -> 0.1
A28: S190027 | B28: Test Engineering | C28: 43476 | D28: tester PC | E28: Others | F28: During PM for tester PCs in Venture, they identified the following tester PCs have the unsent test documents in 'SendBuffer' folder. Please kindly help to resubmission as per requirement in TSP 735003678 Generic PC Maintenance Procedure. Below is the list of PCs, 1. TE83013-2 2. TE83006 3. TE83013-1 4. TE83032-1 5. TE83031 6. TE82995-3 7. TE82995-2 | G28: Venture | J28: HuaZhen | M28: [21Jan19] OESR 193064 | N28: Yes | O28: 3- Low (> 4 weeks & above) | P28: Closed | Q28: 8 | R28: =0.1*Q28 -> 0.8
A29: S190028 | B29: Manufacturing Engineering | C29: 43487 | D29: SigmaSure | E29: Others | F29: ECO 9221720 & 9221721 Life cycle change on SL Power Supply 279000852 to Delta Power Supply 279003675 for Detectors. Sigmasure need change power supply part number from 27900852 to 279003675 1.Singapore Kallang date build on 23 Jan 2019 2. Singapore Kallang date build on 24 Jan 2019 WAT-186002487 WAT-186248900 WAT-186017002 WAT-186017003 WAT-186015034 WAT-186015032 WAT-186017012 WAT-186015033 WAT-186017013 WAT-186002998 WAT-186015053 WAT-186299800 WAT-186015031 | G29: Flex | J29: Yee Hwa | N29: No | O29: 2- Medium(<4 weeks) | P29: Closed | Q29: 120 | R29: =Q29*0.25 -> 30
A30: S190029 | B30: Test Engineering | C30: 43494 | D30: tester PC | E30: Others | F30: Below testers have unsent files under 'Sendbuffer' folder. IP address and tester name as shown below: 10.249.55.15 TE82865-5 CPSO Final Test Station 10.249.55.16 TE82865-6 CPSO Final Test Station 10.249.55.17 TE82865-2 ASO Final Test Station | G30: CEI | J30: HuaZhen | M30: OESR193081 [31Jan2019] Reviewed files... tried to resubmit them to SigmaQuest but they came back as SQ0007 and SQ0011 files. Checked genealogy and found records have been submitted once already (SQ0007 indicates a similar record already exists). Just to be safe, I cleared the files and dumped them in the TE-1 desktop folder called "SENDBUFFER Archive" in case this comes back as a problem. The SENDBUFFER is now clear, notified Rick of disposition. No qualification required, just some moving of files. | N30: Yes | O30: 3- Low (> 4 weeks & above) | P30: Closed | Q30: 2 | R30: =0.1*Q30 -> 0.2
A31: S190030 | B31: Test Engineering | C31: 43504 | D31: TE82987-1 | E31: Repair | F31: In tester TE82987-1, observed that leakage in part number: 410001901 ( GES part number: W1205001926-R, Description: Fitting, one-piece, 10-32, Black. Thus, the whole set of the above mentioned part number is required to replace in tester. Required quantity to replace: 15 pieces | G31: Venture | J31: HuaZhen | M31: [08Feb19] Requested Chan to resend OESR with item price and state the reason to replace all 15 pcs together. [25Feb19] Replacing 12 pcs of fitting and noted it down as a Preventive Maintanance for replacing every 2 years | N31: No | O31: 2- Medium(<4 weeks) | P31: Closed | Q31: 13 | R31: =Q31*0.25 -> 3.25
A32: S190031 | B32: Manufacturing Engineering | C32: 43507 | D32: Sigmasure | E32: Others | F32: Sigmasure in Detector 186015034 Acquity UPC2 PDA On 02/08/2019 Sigmasure show 5 part number and 02/10/2019 Sigmasure show extra 6 part number (Additional of 279002225) request to remove. Please refer to attachment | G32: Flex | J32: Yee Hwa | M32: SS7 Corrected by Matt F on 12 Feb | N32: No | O32: 2- Medium(<4 weeks) | P32: Closed | Q32: 1 | R32: =Q32*0.25 -> 0.25
A33: S190032 | B33: Test Engineering | C33: 43510 | D33: CEIPNL1 | E33: Repair | F33: Part Number label Printer was unable to power up after shutdown when i was cloning of the harddisk. I have check there was no power and the fan was not working. Suspect the power supply failure and i have checked with my MIS we did not have any similar power supply. Pls advice. Please see attached picture of the power supply. | G33: CEI | J33: HuaZhen | M33: [14Feb19] Informed Wang from CEI to collect power supply from Jie Hui and updatet the status [15Feb19] The PC is reovered after replacing PSU | N33: No | O33: 2- Medium(<4 weeks) | P33: Closed | Q33: 1 | R33: =Q33*0.25 -> 0.25
A34: S190033 | B34: Manufacturing Engineering | C34: 43510 | D34: Label Print | E34: Others | F34: ASP 279003278 Found WAT024406 (Label, Serial Shipping Label) content is illegible during assembly. Serial Number: A19998252A Root Cause: Mis-handling of Label ASP 279001743 Serial Number: A19TUV463A Found WAT024406 (Label, Serial Shipping Label) content is illegible after printing. Root Cause: Label printing defect. Request Waters personnel to assist to re-print label at Flex site. Qty: 2pcs | G34: Flex | J34: Yee Hwa | M34: Action completed. | N34: No | O34: 3- Low (> 4 weeks & above) | P34: Closed | Q34: 1 | R34: =0.1*Q34 -> 0.1
A35: S190034 | B35: Test Engineering | C35: 43511 | D35: TE83026 | E35: Others | F35: At the test step of Column LEDs, the frequency of color changing on both button LEDs is very fast and both inner LEDs color (red and green) are running parallel. Is it posssible to check color LEDs status one by one? Please help to evaluate it. Please kindly refer to the attached photo named "5049 Column LED test" for your reference. | G35: Venture | J35: HuaZhen | M35: [18Feb19] OESR 193130: This OESR will be added to the planned changes to TE83026 in second quarter this year. I might be able to perform the LED test sequentially, the control of those LEDs via the diagnostic port is a bit problematic due to the instrument firmware. But, I will see what can be done to improve it. In the meantime, it is important that the operator observes each LED lit both red and green as instructed prior to continuing the test. | N35: Yes | O35: 3- Low (> 4 weeks & above) | P35: Closed | Q35: 3 | R35: =0.1*Q35 -> 0.3
A36: S190035 | B36: Manufacturing Engineering | C36: 43514 | D36: 418000219 | E36: Others | F36: 2 pcs of Tool No: 418000219 ALIGNMENT SHELF, SAMPLE ORGANIZER found out of spec after the measurement and it was due long term slide in and out in the Z-axis assembly. With this wear and tear the shelf might not able to detect the slide in slide out issue during the assembly. Therefore, we would like to replace the shelf to improve the issue. | G36: CEI | J36: Yee Hwa | M36: Notification from CEI on Shelf replacement due to wear and tear. Requested CEI to update PM proc to include critical dimention check quarterly. No action require from WPPL. | N36: No | O36: 3- Low (> 4 weeks & above) | P36: Closed | Q36: 1 | R36: =0.1*Q36 -> 0.1
A37: S190036 | B37: Test Engineering | C37: 43514 | D37: TE83064 | E37: Others | F37: For all FTN units which were tested starting from 16-Feb-2019, "location" on test records shows as "CleanRoom, Milford,US" instead of "GES/Venture, SG". This happended on all FTN testers at Venture,GES. Please refers to attached pictures and attached file for affected unit serial numbers. | G37: Venture | J37: HuaZhen | M37: [19Feb2019] The address is updated. | N37: No | O37: 2- Medium(<4 weeks) | P37: Closed | Q37: 1 | R37: =Q37*0.25 -> 0.25
A38: S190037 | B38: Test Engineering | C38: 43515 | D38: TE82760 | E38: Others | F38: During FLR detector final test, Signal to Noise Ratio failure was one of the top failure after Raman/Rayleigh failure. The units are failed the 1st test with readings approximately zero (~0.00) and the 2nd test (retest) passed with over thousands (>1000). 55.56% of Signal/Noise Ratio failure are failed with readings nearly to "zero". As such, we would like to know what could be the root cause of this failure as it is beyond our knowledge and how to prevent this failure to improve our FPY. Refer to attachement for details. | G38: Venture | J38: HuaZhen | M38: [25Feb19] OESR 193148 raised [22Mar19] Eric asked a consistently failing unit but no such unit is exiisting so far. Sufern replied Matt about this FPY issue on 14 Mar 19 [03Jun19] Eric will update test program to enable diagnostic tool for troubleshooting [21Jun19] Park it as monitoring if there's no increament of failure rate | N38: Yes | O38: 3- Low (> 4 weeks & above) | P38: Closed | Q38: 3 | R38: =0.1*Q38 -> 0.3
A39: S190038 | B39: Test Engineering | C39: 43516 | D39: TE82943-18 | E39: Repair | F39: Electronics Weigh Balance AND-HR200 SN 12326186 showing unstable reading during calibration on 100g and 200g and not able to perform calibration. The usage range requires only 60 to 85 grams. It does not affect the final result due to instability occur only above 100gram onwards. The AND-HR200 SN 1236186 has been taken-oy from the line and put to not in use | G39: Flex | J39: HuaZhen | M39: [01Mar2019] ITS was contacted for repair [08Mar2019] ITS asking a fialure video from Flex, so he can advise next course of actions. [24Jun2019] Joel will follow up with ITS about return of balance and clsoe this OESR | N39: No | O39: 3- Low (> 4 weeks & above) | P39: Closed | Q39: 92 | R39: =0.1*Q39 -> 9.2
A40: S190039 | B40: Manufacturing Engineering | C40: 43522 | D40: Label Print | E40: Others | F40: Certification of Functional Performance print error: Under the "Model" section, printed wording is showing "ACQUITY UPL8N9TUV DETECTOR" We tried re-printing it again but the problem persist. Refer to attached photo. | G40: Flex | J40: Yee Hwa | N40: No | O40: 3- Low (> 4 weeks & above) | P40: Closed | Q40: 2 | R40: =0.1*Q40 -> 0.2
A41: S190040 | B41: Manufacturing Engineering | C41: 43528 | D41: Label Print | E41: Others | F41: Certification of Functional Performance scan-print error: Under the description section, technician scan in the serial number instead of the description, causing the certification print-out is showing chassis serial number in the "Model" section. Root cause: Human-caused error Refer to attached photo. | G41: Flex | J41: Yee Hwa | M41: 6 mar - OESR-ed to Milford and fixed | N41: Yes | O41: 3- Low (> 4 weeks & above) | P41: Closed | Q41: 2 | R41: =0.1*Q41 -> 0.2
A42: S190041 | B42: Test Engineering | C42: 43529 | D42: TE82996 | E42: Duplicate | F42: 1. TE82996 -Driver Rev.A adapter is used at the GTS1 test fixture TE82994-2, for the tesing of 210000368 and 210000904 CPSM Driver boards. 2.Total monthly production quantity was about 660 boards. 3. Base on manufacturer speciifcation for the 180 pin connector on the adapter board, the mechnaical durability is 100 mating cycles. 4. Due to the high usage for this adapter, we will like to request replacement of this adapter. | G42: CEI | J42: HuaZhen | M42: [08Mar2019] Requested CA to update the production impact to set priority. [01Apr2019] Received spare Adapaters from Milford and it's part of spare inventory now | N42: No | O42: 3- Low (> 4 weeks & above) | P42: Closed | Q42: 18 | R42: =0.1*Q42 -> 1.8
A43: S190042 | B43: Test Engineering | C43: 43530 | D43: TE82736 | E43: Others | F43: 1. Alliance Final Tester position below showing rejection due to Chemistry Test : Alliance FT 2 Position 3, Alliance FT 3 Position 2 and 3, Alliance FT 4 position 1,2 and 3. 2. There's inconsistent graph during PSI Ripple during Chemistry Test. Flex tried to flush using methanol but failure still remain so we reverse the column and right now is working. 3.Flex may need stanby replacement to avoid impact within the next 2 weeks. | G43: Flex | J43: HuaZhen | M43: [18Jun19] Need with check with Joel to further understand the case [24Jun19] New ECO9229823 - 735003902, ALLIANCE FINAL TEST SYSTEM PREVENTATIVE recommeneds to replace column if it's used more than 6 months. Advised Flex to follow this practice and close this case | N43: No | O43: 3- Low (> 4 weeks & above) | P43: Closed | Q43: 78 | R43: =0.1*Q43 -> 7.8
A44: S190043 | B44: Test Engineering | C44: 43531 | D44: TE83026 -2 | E44: Repair | F44: TE83026-2 test PC could not power on. After investigating, no output power from PSU. In order to operate tester, PSU from spare tester was replaced with the faulty PSU in TE83026-2. | G44: Venture | J44: HuaZhen | M44: [08Mar2019] Venture managed to receoved tester by replacing a PSU from spare tester. No impact to production. [04Apr2019] A PSU sent to Vetnure for the Spare PC recovery | N44: No | O44: 3- Low (> 4 weeks & above) | P44: Closed | Q44: 19 | R44: =0.1*Q44 -> 1.9
A45: S190044 | B45: Test Engineering | C45: 43531 | D45: TE82964-1 | E45: Repair | F45: 1. Problem Statement : TE82964-1 Not able to activate the Acquity Concole.exe for Power ON/Calibration of (TUV) 2. Acceptance criteria that is not met. (e.g. relevant specification number and revision) TE82864-1 not able to activate / open the Acquity Console thus not able to "Click RESET TUV" and calibrate as per TSP 735002130 Step 4.7 3. Flex try to recover by doing basic check disk and disk defragementation, Acquity Console still not able to open. 4. It will impact 36 units shipment on 11 March 2019 if not able to recover on-time. 5. Request for Waters help to config review or config the station Acquity Console software. | G45: Flex | J45: HuaZhen | M45: [08Mar2019] Flex managed to make tester running and monitoring performance now. No impact to production | N45: No | O45: 2- Medium(<4 weeks) | P45: Closed | Q45: 1 | R45: =Q45*0.25 -> 0.25
A46: S190045 | B46: Test Engineering | C46: 43532 | D46: TE83064-16 | E46: Repair | F46: There was SPI interface test failed at Tester 16. After verification, it is found that failure was caused by PCBA 210000412 installed inside test box. There was no more production for PCBA 210000412 and it was replaced by 2100000969 in end 2016.Therefore, it cannot be repaired and retested. After replacing 210000412 with 210000969, tester can resume functional test without failure. Therefore, request replacement 2100000969 (Qty 1) for TE83064-16. Please refers to attached file for price info. | G46: Venture | J46: HuaZhen | M46: OESR 193202 [22Mar19] Rick was assigned to advise if Milford has concerns about this replacement [29mar19] No further action required. This is a like-for-like replacement. | N46: Yes | O46: 3- Low (> 4 weeks & above) | P46: Closed | Q46: 15 | R46: =0.1*Q46 -> 1.5
A47: S190046 | B47: Test Engineering | C47: 43539 | D47: TE83026 | E47: Repair | F47: TMD010641 stated to use console to power on the AUX unit. However, started from 14th Mar, the AUX could not be powered on using console. Currently, the AUX is powered on using the test application and proceed to check 2 I-buttons LED functionality as per TMD010641 Rev 00 step 4. Moreover, console could not detect correct temperature reading which triggered heater cooler fail immediately without starting any measurement but it will pass in second time test. | G47: Venture | J47: HuaZhen | M47: OESR 193205 [22Mar19] Matt advised a method for the test and wait for venture to build & test with advised method. | N47: Yes | O47: 2- Medium(<4 weeks) | P47: Closed | Q47: 5 | R47: =Q47*0.25 -> 1.25
A48: S190047 | B48: Test Engineering | C48: 43539 | D48: TE83026 -2 | E48: Repair | G48: Venture | J48: HuaZhen | M48: OESR 193206 [22Mar19] Matt asked some questions and Sufern/Chan replied accordingly | N48: Yes | O48: 2- Medium(<4 weeks) | P48: Closed | Q48: 5 | R48: =Q48*0.25 -> 1.25
A49: S190048 | B49: Test Engineering | C49: 43543 | D49: TE82520 -1 | E49: Others | F49: 1. Problem Statement :TE82520-1 Workstation Computer for Alliance Carousel Carrier Drive Alignment Station is unstable when Boot-Up to Windows OS level. 2. Acceptance criteria that is not met: The station computer must be stable to Boot-up to Windows Level OS. Turning OFF the CPU for 15 mins and able to boot-up to WIN OS. Further check-up on the CPU Motherboard showing 4x Capacitors observed having bulging on top plate. (refer to attached photo). 3. Info on whether this issue impacts revenue : Alliance need to build 32 units per day. Without TE82520-1, the station can max. at 18 units per day. This will impact the revenue. | G49: Flex | J49: HuaZhen | N49: No | O49: 3- Low (> 4 weeks & above) | P49: Closed | Q49: 69 | R49: =0.1*Q49 -> 6.9
A50: S190049 | B50: Manufacturing Engineering | C50: 43546 | D50: ASP 289004078 | E50: Others | F50: Would like to feedback on the below document ASP 289004078 Rev M Assembly, Sample Org W/LG Fan at Pg. 12 of 12. Recently the Intertek audit, he had highlighted the Ground Continuity and Hi-pot specification the font that was using was not correct. Please see ASP289004078 it show like Mega ohm instead of milli ohm. In fact was the font did not use correctly. Would like you to change the document to the font as highlighted in yellow box.Thank you | G50: CEI | J50: Yee Hwa | K50: =TODAY() -> 44214 | N50: No | O50: 3- Low (> 4 weeks & above) | P50: Closed | Q50: =NETWORKDAYS(C50,K50) -> 477 | R50: =0.1*Q50 -> 47.7
A51: S190050 | B51: Manufacturing Engineering | C51: 43549 | D51: 999028283 | E51: Others | F51: Step 2.19, operator is require to lift up the Fork tool and verify E-clip is fully seated in the piston groove. During the "lift up" the edge of the Fork tool breaks. Current on-hand there is 1 extra as spare. Therefore no impact to Production. Request to have 1 more as spare. | G51: Flex | J51: Yee Hwa | K51: 43712 | M51: [04Sep19] spare is in wppl. Closed during eng meeting. | N51: No | O51: 3- Low (> 4 weeks & above) | P51: Closed | Q51: =NETWORKDAYS(C51,K51) -> 118 | R51: =0.1*Q51 -> 11.8
A52: S190051 | B52: Manufacturing Engineering | C52: 43549 | D52: 999028283 | E52: Others | F52: Step 2.19, operator is require to lift up the Fork tool and verify E-clip is fully seated in the piston groove. During the "lift up" the edge of the Fork tool breaks. Current on-hand there is 1 extra as spare. Therefore no impact to Production. Request to have 1 more as spare. | G52: Flex | J52: Yee Hwa | K52: 43712 | M52: [04Sep19] spare is in wppl. Closed during eng meeting. | N52: No | O52: 2- Medium(<4 weeks) | P52: Closed | Q52: =NETWORKDAYS(C52,K52) -> 118 | R52: =Q52*0.25 -> 29.5
A53: S190052 | B53: Test Engineering | C53: 43553 | D53: WAT-11 | E53: Repair | F53: There is no DC power supply output of the tester and suspected the power supply is get faulty. Please see attached photos of the power supply assembly with indicator in other word attachment. | G53: Venture | J53: HuaZhen | M53: [03Apr19] UK Waters ship the replacement PSU to Venture [04Apr19] PSU sent to Venture | N53: No | O53: 1- High(< 1 week) | P53: Closed | Q53: 5 | R53: =Q53*0.5 -> 2.5
A54: S190053 | B54: Test Engineering | C54: 43553 | D54: TE83026 -1 | E54: Repair | F54: Test PC window XP could not be loaded on 29 March 2019 and tester is down currently. Hang at window XP loading step. | G54: Venture | J54: HuaZhen | M54: OESR 193232 [03Apr19] Matt is working on this repair after venture replaced PC with spare PC [22Apr19] Fixed by reload image from backup and VAF was completed for repair | N54: Yes | O54: 1- High(< 1 week) | P54: Closed | Q54: 17 | R54: =Q54*0.5 -> 8.5
A55: S190054 | B55: Manufacturing Engineering | C55: 43557 | D55: 515 Pump | E55: Repair | F55: The 515 HPLC pump (x2) at the QDa Chemical Prep Lab and Engineering Lab are leaking oil as shown in the attached picture. The serial numbers of the two pumps are: 1) K13515586A 2) K06515972A | G55: WPPL | J55: Edwin | M55: [03Apr19] Sidd to source for a new Pump as replacement and arrange for current pump for repair as standby. Justification, the current pump is old and due to urgency to support chemical prep, Waters need to buy another pump. | N55: No | O55: 2- Medium(<4 weeks) | P55: Closed | Q55: 1 | R55: =Q55*0.25 -> 0.25
A56: S190055 | B56: Test Engineering | C56: 43557 | D56: TE83064 | E56: Others | F56: This OESR is to request BSM seal change evaluation PM for TE83064-10,11,12 and 13. As per schedule, above 4 testers are due to change BSM seal sets for all pump A & pump B after 6 months of annual PM which performed in Oct 2018. Request total 16 sets of BSM seal sets (4 sets per tester x 4 testers). Attached is price information for your reference. | G56: Venture | J56: HuaZhen | M56: [23Apr19] All the requested parts has been aproved to continue this evaludation. | N56: No | O56: 3- Low (> 4 weeks & above) | P56: Closed | Q56: 15 | R56: =0.1*Q56 -> 1.5
A57: S190056 | B57: Test Engineering | C57: 43557 | D57: TE83064-13 | E57: Repair | F57: Blockage at 289006760 Assy Right Column Inlet Valve caused TE13 failed at Dynamic Leak Test with priming pressure high a few time in Mar 2019. Purged out and retested but it last for a few time testing and happen priming pressure high again. Therefore, request to provide a new piece of 289006760 (Qty1) for TE 13. Price information of 289006760 is unavailiable since it is provided by WPPL. | G57: Venture | J57: HuaZhen | M57: [04Apr19] A valve catridge sent to Venture | N57: No | O57: 2- Medium(<4 weeks) | P57: Closed | Q57: 2 | R57: =Q57*0.25 -> 0.5
A58: S190057 | B58: Manufacturing Engineering | C58: 43557 | D58: TB726 | E58: Repair | F58: 4 of the screws thread holes are damage and this may affect the vacuum inside the chamber when performing baking. | G58: Venture | J58: Sid | M58: Test Rig Lid sent for rework and aso 20pcs of M5 screws sent provided to Alan | N58: No | O58: 2- Medium(<4 weeks) | P58: Closed | Q58: 26 | R58: =Q58*0.25 -> 6.5
A59: S190058 | B59: Manufacturing Engineering | C59: 43558 | D59: Label Print | E59: Others | F59: Instrument Serial label encounter missing text/incomplete icon. 1.WAT207000 515HPLC PUMP C19515442A 2.WAT207000 515HPLC PUMP C19515439A 3.186015032 Acquity UPLC PDA Detector D19UPD286A 4.186015032 Acquity UPLC PDA Detector D19UPD289A 5.186299800 2998 Photodiode Array Det C19998708A | G59: Flex | J59: JingXuan | N59: No | O59: 2- Medium(<4 weeks) | P59: Closed | Q59: 2 | R59: =Q59*0.25 -> 0.5
A60: S190059 | B60: Test Engineering | C60: 43558 | D60: Alliance Final Tester 3 | E60: Repair | F60: 1. Problem Statement : Alliance Final Test Station 3 having frequent hang during Final Test execution . Refer to attached file. 2. Acceptance Criteria Not Met: The test station must be able to execute Final Tester of 4 units simultaneously without system hang during test . Not able to complete test an need to restart the CPU leaving down station 3. Info on whether this issue impacts revenue : No impact yet to revenue but sure one day will hit when the numbers are up. This is to prepapre for upsize of Alliance. | G60: Flex | J60: HuaZhen | K60: 43578 | M60: OESR 193244 [23Apr2019] Matt has changed settings on FT3 and monitoring the PC performance a month and feedback [07Jun19] Updated Matt about freq of hangs and seeking for advise about next action [24Jun19] Edwin comment - Huazhen to update [25Jun2019] Matt -- No new updates, I am still trying to understand the hang ups. I will let you know next steps soon… [04Sep2019] Sent another chaser to Matt [09Sep2019] Sent another with tracking record to Matt [10Sep2019] Matt -- Let me dig a little more. I am really hoping to be able to identify the issue… [19Sep2019] Emailed team here reviewed frequency of freeze and plan to load next 100 units on FT3 to verify the condition of tester. This action will take time to complete, therefore set this oesr to low priority [31 Oct 19] Joel to summarize and update the frequency of freeze [15Nov19] Matt was informed and he will look into it when back from holiday. | N60: Yes | O60: 3- Low (> 4 weeks & above) | P60: Closed | Q60: =NETWORKDAYS(C60,K60) -> 15 | R60: =0.1*Q60 -> 1.5
A61: S190060 | B61: Test Engineering | C61: 43560 | D61: TE82760-7 | E61: Repair | F61: Binary HPLC pump, 186001525, instrument serial number: C1525P993A cannot communicate with P.C. work station. Perform verification on another test station: TE82760-5 still not able to communicate. [18Apr2019]Binary HPLC pump, 186001525, instrument serial number: C1525P993A cannot communicate with P.C. work station TE82760-7. Peform verification by connecting P.C. from TE82760-7 to the binary HPLC pump on TE82760-5 able to communicate. therefore the issue is on the binary HPLC pump. | G61: Venture | J61: HuaZhen | N61: Yes | O61: 3- Low (> 4 weeks & above) | P61: Closed | Q61: 67 | R61: =0.1*Q61 -> 6.7
A62: S190061 | B62: Manufacturing Engineering | C62: 43565 | D62: Label Print | E62: Others | F62: New quoted spare model not able to print product label fom Water server printer. 1) 700012240 2) 700012242 3) 700012243 4) 700012244 5) 700012245 | G62: Flex | J62: JingXuan | N62: No | O62: 2- Medium(<4 weeks) | P62: Closed | Q62: 29 | R62: =Q62*0.25 -> 7.25
A63: S190062 | B63: Test Engineering | C63: 43565 | D63: TE82882 | E63: Repair | F63: 1. Problem Statement. - TE82882 PDA Final Test and TSP 735001613 Rev W does not have Spare OB PN 700012245 - Optics Bench, eLambda (On-Semi) and 700012243 - Assy, Optics Bench, 2998 (On-Semi) 2. Acceptance criteria that is not met. (e.g. relevant specification number and revision) - TE82882 PDA Final Test and TSP 735001613 Rev W must have to support Production run of the 2x Spare OB. 3. Relevant records (e.g. Incomin QA, Test Records, Photos, trackise NCRs numbers and related issue) - Relevant PDA Family Test Report for Spare Optic Bench have dedicated PN on the test station and TSP. 4. Info on whether this issue impacts revenue. - This impact the spare bench testing. | G63: Flex | J63: HuaZhen | K63: 43679 | N63: Yes | O63: 1- High(< 1 week) | P63: Closed | Q63: =NETWORKDAYS(C63,K63) -> 83 | R63: =Q63*0.5 -> 41.5
A64: S190063 | B64: Manufacturing Engineering | C64: 43567 | D64: Certificate Print | E64: Others | F64: Certification of Functional Performance printing : Under the "Model" section, printed wording is showing with missing text . 1.Serial D19VPD910A ACQUITY ARC 2998 PDA DET (Missing text E for DET) 2.Serial D19VPD914A ACQUITY ARC 2998 PDA DET (Missing text A for ARC) 3.Serial D1987E572A 2489 UV/VISIBLE DETECTOR (Missing text R for DETECTOR) 4.Serial D1987E575A 2489 UV/VISIBLE DETECTOR (Missing text 9 for 2489 and Missing S for VISIBLE) 5.Serial D1987E570A 2489 UV/VISIBLE DETECTOR (Missing text 2 for 1489 and Missing I for VISIBLE) 6.Serial D19TUV719A ACQUITY UPLC TUV DETECTOR (Missing text T for ACQUITY and Missing Spacing) 7.Serial D19TUV722A ACQUITY UPLC TUV DETECTOR (Missing text Missing Spacing) 8.Serial D19TUV721A (Missing E) | G64: Flex | J64: JingXuan | N64: No | O64: 2- Medium(<4 weeks) | P64: Closed | Q64: 2 | R64: =Q64*0.25 -> 0.5
A65: S190064 | B65: Test Engineering | C65: 43567 | D65: TE82760-5 | E65: Repair | F65: System show "Serial Number Scanned does not match stored value Power Down unit". | G65: Venture | J65: HuaZhen | M65: OESR 193269 | N65: Yes | O65: 1- High(< 1 week) | P65: Closed | Q65: 8 | R65: =Q65*0.5 -> 4
A66: S190065 | B66: Manufacturing Engineering | C66: 43571 | D66: Certificate Print | E66: Others | F66: Certification of Functional Performance printing : Under the "Model" section, printed wording is showing with missing text . 1.Serial D19VPD911A ACQUITY ARC 2998 PDA DET (Miss Y for ACQUITY and Spacing on PDADET) Refer to attached photo. | G66: Flex | J66: JingXuan | N66: No | O66: 2- Medium(<4 weeks) | P66: Closed | Q66: 2 | R66: =Q66*0.25 -> 0.5
A67: S190066 | B67: Test Engineering | C67: 43573 | D67: TE82998-1 | E67: Repair | F67: 1.Testing for 210000422 Vista Pump PCBA at GTS was down due to bad Degasser board in test fixture. 2. Request for one (1) replacement and two (2) spare degasser boards, p/n.725000459 Waters QPSI Degasser PCBA. | G67: CEI | J67: HuaZhen | M67: [22Apr2019] 1 for repair and 1 for spare. Collected by CA Tan | N67: No | O67: 2- Medium(<4 weeks) | P67: Closed | Q67: 4 | R67: =Q67*0.25 -> 1
A68: S190067 | B68: Manufacturing Engineering | C68: 43577 | D68: Label Print | E68: Others | F68: Re-print instrument Serial label WAT-024406 1. Alliance e2695 w/HC 18626506 (Outer Packaging dented). Serial Number C19SM4104A. 2. Detector Acquity UPLC TUV 186015031 (Replace box & Outer label). Seria Number A19TUV468A | G68: Flex | J68: JingXuan | N68: No | O68: 2- Medium(<4 weeks) | P68: Closed | Q68: 2 | R68: =Q68*0.25 -> 0.5
A69: S190068 | B69: Test Engineering | C69: 43573 | D69: TE82760 | E69: Others | F69: During FLR detector final test, Signal to Noise Ratio failure was one of the top failure after Raman/Rayleigh failure. The units are failed the 1st test with readings approximately zero (~0.00) and the 2nd test (retest) passed with over thousands (>1000). The purpose of this OESR is seeking advice from Milford/WPPL whether is there a way to capture all the functional test data during the test so that we can investigate any different test value during the failures occurred. | G69: Venture | J69: HuaZhen | M69: [18Jun2019] Duplicated OESR. Closed | N69: No | O69: 3- Low (> 4 weeks & above) | P69: Closed | Q69: 46 | R69: =0.1*Q69 -> 4.6
A70: S190069 | B70: Manufacturing Engineering | C70: 43577 | D70: Label Print | E70: Others | F70: Re-print instrument Serial label WAT-024406 1. Alliance e2695 w/HC 18626506 (Outer Packaging dented). Serial Number C19SM4104A. 2. Detector Acquity UPLC TUV 186015031 (Replace box & Outer label). Seria Number A19TUV468A | G70: Flex | J70: JingXuan | N70: No | O70: 2- Medium(<4 weeks) | P70: Closed | Q70: 2 | R70: =Q70*0.25 -> 0.5
A71: S190070 | B71: Test Engineering | C71: 43577 | D71: TE82987-1 | E71: Others | F71: Perform preventive maintenance found Symantec Antivirus definition file is >30 days and cannot be updated. | G71: Venture | J71: HuaZhen | K71: 43670 | M71: [18Jun2019] Verify this issue with Hong Cheng and raise OESR if necessary [25Jun2019] Edwin - Check after Engineering meeting (27th Jun) [28Jun2019] No internet connection on 2 reported testers. Asked HC to get their IT personnel to fix this internet connection and update WPPL if the issue resolved. [4Jul2019] HC feedback their IT is not able to fix it. OESR 193426 raised [10Jul2019] Bill was assigned for this OESR [24Jul2019] This OESR is closed .1) Downloaded the latest Symantec Antivirus definitions ( stand alone installer ) 20190707-019-v5i32.exe. https://www.symantec.com/security_response/definitions/download/detail.jsp?gid=sep 2) Transferred installer into the local server Test Engineering folder. 3) Downloaded the installer to the TE82987-1 desktop. 4) Manual update: Ran installer as "te-1" (local administrator account). 5) Virus definitions are now up to date as of: Sunday, July 07, 2019 r19 | N71: Yes | O71: 3- Low (> 4 weeks & above) | P71: Closed | Q71: =NETWORKDAYS(C71,K71) -> 68 | R71: =0.1*Q71 -> 6.8
A72: S190071 | B72: Test Engineering | C72: 43579 | D72: TE82736 | E72: Others | F72: 1. Alliance Final Tester showing random failures of Carryover Test Failures , column in used is already 1 year old. 2. There's inconsistent graph during PSI Ripple during Chemistry Test and carryover test. Flex tried to flush using methanol but failure still remain. 3. Flex would like to request for evaluation using new column for tester 5, 4 positions . We need 4 column to perform evaluation to resolve the carryover test for tester 5 with 4 position and to include this for PM activity if provide positive result. Note: Shipment is impacted 24 Apr 2019 due to slow recovery of carryover test failure. | G72: Flex | J72: JingXuan | N72: No | O72: 2- Medium(<4 weeks) | P72: Closed | Q72: 1 | R72: =Q72*0.25 -> 0.25
A73: S190072 | B73: Test Engineering | C73: 43580 | D73: TB594 | E73: Others | F73: To perform baking for Beacon Inner Source, we require to install 2 filements with 2 screws. The filements and screws will be worn out around 50 to 70 units, as venture need to install and remove per unit. This is applicable when baking Outer Source as baking required both the outer source and inner source as a set. Presently, Venture only have 6 pcs of filements and screws (usage is 2 pcs per assembly) which is just sufficient for a full load of baking (3 units of 8 hours of baking). Venture request for additional sets in hand in case of unforseen damage or worn out, which will affect the capacity of the baking to meet shipment. | G73: Venture | J73: Sid | M73: Waiting for filaments to be provided by Paul M. 4 filaments with screws given to Alan | N73: No | O73: 2- Medium(<4 weeks) | P73: Closed | Q73: 7 | R73: =Q73*0.25 -> 1.75
A74: S190073 | B74: Test Engineering | C74: 43584 | D74: TE82943-19 | E74: Repair | F74: 6-pin green phonix connector for QSM test is broken due to wear and tear of cable. Need to replace new one for TE82943-19 | G74: Venture | J74: Desmond | N74: No | O74: 2- Medium(<4 weeks) | P74: Closed | Q74: 5 | R74: =Q74*0.25 -> 1.25
A75: S190074 | B75: Test Engineering | C75: 43584 | D75: TE83064 | E75: Repair | F75: For all BSM units at all FTN testers, P/N:289003706 (ASSY, CARTRIDGE, I2V, HEXANE/THFKIT) (2 per unit) are also installed. Since all 289003706 parts installed inside FTN testers are under non-comforming part date codes from 01-Apr-18 to 19 Apr-19. Therefore, we'd like to propose to change all the parts,289003706 (2 pcs per unit) with new good parts inside BSM units of FTN testers when they are available. Please advise the approval. | G75: Venture | J75: HuaZhen | M75: If it's within the suspect range, then change. Send a reply to GES | N75: No | O75: 2- Medium(<4 weeks) | P75: Closed | Q75: 2 | R75: =Q75*0.25 -> 0.5
A76: S190075 | B76: Manufacturing Engineering | C76: 43588 | D76: NA | E76: Others | F76: Waters consigned tool health checklist required to have updated tool drawing 1. Pump 25 tool drawing 2. Alliance 100 tool drawing 3. BSM 32 tool drawing 4. QSM 14 tool drawing 5. Detectors 41 tool drawing | G76: Flex | J76: Sufern | N76: No | O76: 2- Medium(<4 weeks) | P76: Closed | Q76: 1 | R76: =Q76*0.25 -> 0.25
A77: S190076 | B77: Test Engineering | C77: 43598 | D77: TE83064-13 | E77: Repair | F77: FTN tester TE83064-13 has system overpressure (Pump A overpressure) due to blockage of column manager right valve inlet tubing. We tried to purge out the blockage and it was not successful. Please help to provide a new tubing P/N:430003154 to replace at TE13. There is no price information available for it since it is provided by Waters. Please take note that TE13 will not able to perform testing till P/N:430003154 is replaced. | G77: Venture | J77: HuaZhen | M77: [15May19] Asked Venture to collect tubing from WPPL | N77: No | O77: 2- Medium(<4 weeks) | P77: Closed | Q77: 2 | R77: =Q77*0.25 -> 0.5
A78: S190077 | B78: Test Engineering | C78: 43599 | D78: TE82882 | E78: Others | F78: 1. Problem Statement. - TE82882 PDA Final Test and TSP 735001613 Rev W does not have Spare OB PN 700012245 - Optics Bench, eLambda (On-Semi) and 700012243 - Assy, Optics Bench, 2998 (On-Semi) 2. Acceptance criteria that is not met. (e.g. relevant specification number and revision) - TE82882 PDA Final Test and TSP 735001613 Rev W must have to support Production run of the 2x Spare OB. 3. Relevant records (e.g. Incomin QA, Test Records, Photos, trackise NCRs numbers and related issue) - Relevant PDA Family Test Report for Spare Optic Bench have dedicated PN on the test station and TSP. 4. Info on whether this issue impacts revenue. - This impact the spare bench testing. | G78: Flex | J78: HuaZhen | M78: Duplicated OESR. Closed | N78: No | O78: 2- Medium(<4 weeks) | P78: Closed | Q78: 0 | R78: =Q78*0.25 -> 0
A79: S190078 | B79: Test Engineering | C79: 43600 | D79: TE 83012-2 | E79: Repair | F79: Repair worn out 210000345 ICT fixture on bottom access cause pin alignment issue between Interface Board. | G79: Flex | J79: HuaZhen | K79: 43745 | N79: No | O79: 2- Medium(<4 weeks) | P79: Closed | Q79: =NETWORKDAYS(C79,K79) -> 104 | R79: =Q79*0.25 -> 26
A80: S190079 | B80: Test Engineering | C80: 43600 | D80: TE82943 | E80: Repair | F80: 1. Electronics Weigh Balance AND-HR200 SN 12326300 having missing segment on the LCD display . Refer to attached photo (Missing Segment 1 and 2). 2. Acceptance Criteria - LCD display shall have complete segment. Refer to attached photo (Complete Segment 1 and 2) 3. The station need replacement balance to avoid impact on validation to start by 03 Jun 2019. 4. The AND-HR200 SN 1236300 has been labeled Not-in-use. | G80: Flex | J80: HuaZhen | K80: 43728 | N80: Yes | O80: 3- Low (> 4 weeks & above) | P80: Closed | Q80: =NETWORKDAYS(C80,K80) -> 93 | R80: =0.1*Q80 -> 9.3
A81: S190080 | B81: Manufacturing Engineering | C81: 43601 | D81: Label Print | E81: Others | F81: nstrument Serial Number Printing: RMA Instrument Serial Number Label Need To Reprint Due To Carton Damaged. NCMR-SKW-00009532, RMA-SKW-00000090 1. Model: 186015001 S/N: A19UPB699A 2. Model: 186015001 S/N: A19UPB711A Refer To Attached. | G81: Flex | J81: JingXuan | N81: No | O81: 2- Medium(<4 weeks) | P81: Closed | Q81: 2 | R81: =Q81*0.25 -> 0.5
A82: S190081 | B82: Test Engineering | C82: 43602 | D82: TE82956-2 | E82: Repair | F82: TE82956-2 cannot perform "Column Heater Test" due to Thermistor Error. During initializing of the test, Ambient Temp is shown as 130 (Deg.C) instead of ambient temperature. Please refers to attached screenshorts for reference. We have performed as below. 1) Checked all cable connections between tester & UUT and PC & Tester. No issue found. 2) Checked cables connection inside of tester.No issue found. 3) Shut Down and restart PC.Then,retested. Still having same failure. 4) Tried to test using (x3) differnet UUTs and still having same failure. Request the help on this tester issue. | G82: Venture | J82: HuaZhen | N82: Yes | O82: 3- Low (> 4 weeks & above) | P82: Closed | Q82: 33 | R82: =0.1*Q82 -> 3.3
A83: S190082 | B83: Manufacturing Engineering | C83: 43607 | D83: TB573B | E83: Repair | F83: Heater for channel 1,2 & 3 are not functioning. When the heater switch is turn on, the device is not heating up. Action perform by venture: 1. Restart the Test PC and reload the test firmware. 2. OFF and ON the Test Box. | G83: Venture | J83: Sid | K83: 43638 | M83: issue with thte wire rectified | N83: No | O83: 2- Medium(<4 weeks) | P83: Closed | Q83: =NETWORKDAYS(C83,K83) -> 23 | R83: =Q83*0.25 -> 5.75
A84: S190083 | B84: Manufacturing Engineering | C84: 43614 | D84: Label Print | E84: Others | F84: Instrument Serial Number Printing: RMA Instrument Serial Number Label need to reprint due to carton damaged and label overlay. NCMR-SKW-00009767, RMA-SKW-00000102 Model: 186015001 ACQUITY UPLC BSM MODULE rework on I2V Check Valve Cartridge 1.J18UPB576A 8.K18UPB599A 15.E18UPB506A 2.K18UPB607A 9.K18UPB609A 16.A19UPB682A 3.J18UPB575A 10.K18UPB600A 17.A19UPB687A 4.H18UPB570A 11.L18UPB654A 18.A19UPB691A 5.A19UPB690A 12.L18UPB655A 19.A19UPB692A 6.E18UPB503A 13.M18UPB657A 7.K18UPB602A 14.H18UPB567A | G84: Flex | J84: JingXuan | N84: No | O84: 2- Medium(<4 weeks) | P84: Closed | Q84: 2 | R84: =Q84*0.25 -> 0.5
A85: S190084 | B85: Test Engineering | C85: 43619 | D85: TE83064-10 | E85: Repair | F85: FTN tester TE83064-10 has system overpressure due to column 4 blockage. We tried to purge out for a few times and now it can't be purged out anymore. Therefore, request a new column 4 for this tester 10. Price information of column 4 is not available since it is provided by Waters. | G85: Venture | J85: HuaZhen | M85: [03Jun19] A column will be collected by Venture | N85: No | O85: 2- Medium(<4 weeks) | P85: Closed | Q85: 1 | R85: =Q85*0.25 -> 0.25
A86: S190085 | B86: Test Engineering | C86: 43623 | D86: TE83064-17 | E86: Repair | F86: There was "Test Event Outputs" failure at FTN tester TE83064-17 with note "Inject Closed state failed". Attached file is failure verification steps that were performed. Based on verification results, failure is following to NI PCI-6220 at tester TE17 PC. | G86: Venture | J86: HuaZhen | N86: No | O86: 2- Medium(<4 weeks) | P86: Closed | Q86: 10 | R86: =Q86*0.25 -> 2.5
A87: S190086 | B87: Test Engineering | C87: 43619 | D87: spare | E87: Others | F87: 1. Problem Statement. - Tester has been identified as potential line stopper and may take longer recovery need to have standby spare part in Flex or at least in WPPL. 2. Acceptance criteria that is not met. (e.g. relevant specification number and revision) - Target recovery is at least 3 working days if below spare parts within reach such a the following: * Zilog Micro Controller for TE 82534, TE 82507-2 and TE82503 3. Relevant records (e.g. Incomin QA, Test Records, Photos, trackise NCRs numbers and related issue) - Waters Continous Improvement Plan 4. Info on whether this issue impacts revenue. - may impact revenue if not able to recover tester in time. | G87: Flex | J87: HuaZhen | M87: [18Jun19] Reviewed spare list and it's similar to tester health check. Milford replied they have spare tester in case the tester down during last communication with Milford regarding these spare parts for tester health review. | N87: No | O87: 3- Low (> 4 weeks & above) | P87: Closed | Q87: 11 | R87: =0.1*Q87 -> 1.1
A88: S190087 | B88: Manufacturing Engineering | C88: 43629 | D88: Packaging | E88: Others | F88: Packing Process Instruction For both below document 1.186269505 ASSY, e2695 WITHOUT HEATER/COOLER and 2.18626506 ASSY, e2695 WITH HEATER/COOLER. Both ASP WAT270328 KIT, CAROUSEL ASSY label paste on top of the box (290002238). But 290002238 at FuYu paste at side of the box as per drawing . Propose to uprev both ASP to paste WAT270328 at side of the box. | G88: Flex | J88: JingXuan | M88: ECO9230120 is raised. | N88: No | O88: 2- Medium(<4 weeks) | P88: Closed | Q88: 1 | R88: =Q88*0.25 -> 0.25
A89: S190088 | B89: Test Engineering | C89: 43633 | D89: TE82961-2 | E89: Repair | F89: Tester TE 82961-2 program unable to rtest due to error with 'Personality Bd. failed to initialize properly'. Request for waters help to reviews tester system configuration will impact production shiptment 17 Jun 2019 | G89: Flex | J89: HuaZhen | M89: [18Jun2019] Emailed to Joel to work with Erzad on 1st level troubleshooting and advise the impact to Flex Kallang. [20Jun2019] Issue is due to jumper missing, Fixed | N89: No | O89: 1- High(< 1 week) | P89: Closed | Q89: 3 | R89: =Q89*0.5 -> 1.5
A90: S190089 | B90: Test Engineering | C90: 43633 | D90: TE82940 | E90: Others | F90: Tester TE 82940 unable to power up due to power supply defect. Request for replacement power supply, provide by Flex Kallang. | G90: Flex | J90: HuaZhen | N90: No | O90: 2- Medium(<4 weeks) | P90: Closed | Q90: 5 | R90: =Q90*0.25 -> 1.25
A91: S190090 | B91: Test Engineering | C91: 43633 | D91: TE82895-0 | E91: Others | F91: Tester TE 82895 software unable to run due to disk space full ('C' folder). Temporary action backup a few data transfer to folder 'D'. Request for waters help to reviews configuration data on disk Big size folder location : C:\Empower\Oracle\admin\WAT6\bdump. | G91: Flex | J91: HuaZhen | N91: Yes | O91: 3- Low (> 4 weeks & above) | P91: Closed | Q91: 11 | R91: =0.1*Q91 -> 1.1
A92: S190091 | B92: Test Engineering | C92: 43628 | D92: TE83064-14/17 | E92: Others | F92: This OESR is to request BSM seal change evaluation PM for TE83064-14,15,16 and 17. As per schedule, above 4 testers are due to change BSM seal sets for all pump A & pump B after 6 months of annual PM which performed in Jan 2019. Request total 16 sets of BSM seal sets (4 sets per tester x 4 testers). Attached is price information for your reference. | G92: Venture | J92: HuaZhen | M92: [18Jun2019] Emailed Lwin to arrange the PM according to the plan and continue monitor the system downtime | N92: No | O92: 2- Medium(<4 weeks) | P92: Closed | Q92: 4 | R92: =Q92*0.25 -> 1
A93: S190092 | B93: Manufacturing Engineering | C93: 43636 | D93: Label Print | E93: Others | F93: nstrument Serial Number Printing: RMA Instrument Serial Number Label Need To Reprint Due To Carton Damaged. NCMR-SKW-00009668, RMA-SKW-00000097 Model: 186269506 S/N: E19SM4654A Model: 186269506 S/N: E19SM4659A Model: 186269506 S/N: E19SM4694A Model: 186269506 S/N: E19SM4886A NCMR-SKW-00010234 Model: 186015080 S/N: D19QSP979A | G93: Flex | J93: JingXuan | M93: Printed on 20th Jun 2019 | N93: No | O93: 2- Medium(<4 weeks) | P93: Closed | Q93: 2 | R93: =Q93*0.25 -> 0.5
A94: S190093 | B94: Test Engineering | C94: 43640 | D94: TE82760 | E94: Others | F94: TSP735000615 Rev P, page 8 of 9, the TSP is missing a step during keypad test after passing the functional test . For 2475 mode, we need to set the date for the lamp installed. Press “DIAG”, “7” ,” 1” as per red line TSP attached. Please help to feedback to Milford Engineer to review this step. | G94: Venture | J94: HuaZhen | N94: Yes | O94: 3- Low (> 4 weeks & above) | P94: Closed | Q94: 12 | R94: =0.1*Q94 -> 1.2
A95: S190094 | B95: Test Engineering | C95: 43641 | D95: TE82760-7 | E95: Others | F95: New Tester report print out format is slight different from the old testers. | G95: Venture | H95: Hua Zhen | J95: HuaZhen | K95: 3- Low (> 4 weeks & above) | N95: Yes | O95: 3- Low (> 4 weeks & above) | P95: Closed | Q95: 16 | R95: =0.1*Q95 -> 1.6
A96: S190095 | B96: Test Engineering | C96: 43642 | D96: TE82882 -10 | E96: Repair | F96: 1. Problem Statement. TE82882-10 have loss communication failure to all position (Position 1, 2, 3, and 4). 2. Acceptance criteria that is not met. (e.g. relevant specification number and revision) Final Testing no able to proceed to do the Noise Test and Drift Test to all model in used. 3. Relevant records (e.g. Incomin QA, Test Records, Photos, trackise NCRs numbers and related issue) Refer to attached Final Test Report. 4. Info on whether this issue impacts revenue No impact to revenue as other test station able to support the build and test, however test station qualification not able to proceed to other model (eg 700012245) due to loss communication during test | G96: Flex | J96: HuaZhen | M96: [25Jun2019] Need to understand more about this issue [27Jun2019]OESR 193421, Asked Eric to advise the repair of this loss comm issue [01Jul2019] Joel verified Eric's advice and feedback the system is still having issue with communication. Sent an email to Eric see if can use the other station PC image to fix this issue TE82882 -10 only affect loss comm on eLamdba models. [04Jul2019] emailed Eric about the way to increase database size and going to close this repair [05Jul2019] To close this OESR but follow up with Eric on how to check the data table for overflow [22Jul2019] Forwarded email to Edwin [24Jul2019] Saved the email to OESR folder | N96: Yes | O96: 2- Medium(<4 weeks) | P96: Closed | Q96: 18 | R96: =Q96*0.25 -> 4.5
A97: S190096 | B97: Test Engineering | C97: 43650 | D97: TE83026 | E97: Upgrade | F97: The expiry date of TMD010641 is 31 Aug 2019. Will Waters extend this TMD or upgrade test software to reflect the LED testing? Please kindly advise the estimated date if new software is to be updated. | G97: Venture | J97: HuaZhen | N97: No | O97: 2- Medium(<4 weeks) | P97: Closed | Q97: 1 | R97: =Q97*0.25 -> 0.25
A98: S190097 | B98: Test Engineering | C98: 43650 | D98: TE83064-17 | E98: Repair | F98: There was BSM pressure unstable occurred at TE17. Priming BSM cannot help to resolve.And failure is also not due to BSM seal leakage. After changing i2V check valve (289003706,Assy, Cartridge, I2V, Hexane/THF) at pump B primary, BSM pressure was stable. I'd like to request for replacement of i2V check valve P/N:289003706. Price information for this part is attached for reference. | G98: Venture | J98: HuaZhen | M98: [04Jul19] emailed Lwin to proceed with replacement; Advised her to avoid this re-occuring. | N98: No | O98: 2- Medium(<4 weeks) | P98: Closed | Q98: 1 | R98: =Q98*0.25 -> 0.25
A99: S190098 | B99: Test Engineering | C99: 43654 | D99: N/A | E99: Repair | F99: The following probes are in bad condition, the sensor tips have dropped/sinked in:- Probe ID - 30231/405006555/T100283BC/405005883 Part Number List - M945814BD/1, 405005883, 405006555, M046699BD/1 | G99: Richport | J99: Sid | M99: 4 Probes given to Richport on 16July 2019: 1) AN30229 Resistance test Probe 2) T100282BC1 Resistance Test Probe 3) T100283BC1 Resistance Test Probe 4) AN30251 Resistance Test Probe | N99: No | O99: 2- Medium(<4 weeks) | P99: Closed | Q99: 2 | R99: =Q99*0.25 -> 0.5
A100: S190099 | B100: Test Engineering | C100: 43655 | D100: TE82995 -2 | E100: Repair | F100: Tester 82995-2 was having failures due to "seal force sensor h/w fault". Afterverifying, it was due to 279001865 (ASSY LOAD CELL CABLE) wear and tear. This cable is required to be replaced. After replacing this cable, tester 82995-2 can perform testing without causing test failed due to "seal force sensor h/w fault". Therefore, requested a replacement of P/N:279001865 (Qty 1). | G100: Venture | J100: HuaZhen | M100: [10Jul19] Replied Lwin to replace this cable. | N100: No | O100: 2- Medium(<4 weeks) | P100: Closed | Q100: 1 | R100: =Q100*0.25 -> 0.25
...

Sheet Slide
B10: Year
C12: Total OESR | D12: No. of Closed | E12: No. of Open | F12: Days Closed (Avg) | G12: Days Open (Avg) | H12: Monitoring (OFI)
B13: Singapore | C13: =SUM(D13:E13) -> 7 | D13: =COUNTIFS('2021'!L:L,"No",'2021'!O:O,"Close") -> 5 | E13: =COUNTIFS('2021'!L:L,"No",'2021'!O:O,"Open") -> 2 | F13: =AVERAGEIFS('2021'!P:P,'2021'!L:L,"No",'2021'!O:O,"Close") -> 5.6666667 | G13: =AVERAGEIFS('2021'!Q:Q,'2021'!L:L,"No",'2021'!O:O,"Open") -> 2.5 | H13: =COUNTIFS(Monitoring!J:J,"No",Monitoring!L:L,"Monitoring") -> 0
B14: Milford | C14: =SUM(D14:E14) -> 1 | D14: =COUNTIFS('2021'!L:L,"Yes",'2021'!O:O,"Close") -> 0 | E14: =COUNTIFS('2021'!L:L,"Yes",'2021'!O:O,"Open") -> 1 | F14: =AVERAGEIFS('2021'!P:P,'2021'!L:L,"Yes",'2021'!O:O,"Close") -> #DIV/0! | G14: =AVERAGEIFS('2021'!Q:Q,'2021'!L:L,"Yes",'2021'!O:O,"Open") -> 3 | H14: =COUNTIFS(Monitoring!J:J,"Yes",Monitoring!L:L,"Monitoring") -> 0
B15: Grand Total | C15: =SUM(D15:E15) -> 8 | D15: =SUM(D13:D14) -> 5 | E15: =SUM(E13:E14) -> 3 | F15: =AVERAGE(F13:F14) -> #DIV/0! | G15: =AVERAGE(G13:G14) -> 2.75 | H15: =SUM(H13:H14) -> 0

Sheet Summary
A1: STATUS | B1: (All)
A3: Count of OESR Date Received | B3: Column Labels
A4: Row Labels | B4: 1- High(< 1 week) | C4: 2- Medium(<4 weeks) | D4: 3- Low (> 4 weeks & above) | E4: Grand Total
A5: Desmond | B5: 2 | C5: 4 | E5: 6
A6: Edwin | B6: 1 | C6: 1 | D6: 1 | E6: 3
A7: HuaZhen | B7: 14 | C7: 40 | D7: 46 | E7: 100
A8: JingXuan | C8: 11 | E8: 11
A9: Mandy | D9: 2 | E9: 2
A10: Sid | C10: 4 | E10: 4
A11: Sufern | C11: 7 | D11: 1 | E11: 8
A12: Yee Hwa | B12: 1 | C12: 5 | D12: 8 | E12: 14
A13: Grand Total | B13: 18 | C13: 72 | D13: 58 | E13: 148

Sheet Closure Time
A3: Assignee | B3: Sum of Total Time Taken | C3: Sum of Time for closure (Days)
A4: Edwin | B4: 23.25 | C4: 231
A5: Hua Zhen | B5: 138.3 | C5: 1042
A6: JingXuan | B6: 11.75 | C6: 47
A7: Mandy | B7: 0
A8: Sid | B8: 8.75 | C8: 35
A9: Yee Hwa | B9: 31.85 | C9: 130
A10: Desmond | B10: 1.25 | C10: 5
A11: Sufern | B11: 0.25 | C11: 1
A12: Grand Total | B12: 215.4 | C12: 1491

Sheet Monitoring
A1: Log Number | B1: Engineering Group | C1: OESR Date Received | D1: Target Closure Date | E1: TE Tool No | F1: Problem Summary | G1: Site | H1: Originator | I1: Assignee (WPPL) | J1: Date Completed | K1: Remark/Closure | L1: OESR to Milford | M1: Milford OESR No. | N1: 1- High(< 1 week) | O1: STATUS | P1: Time for closure (Days) | Q1: Open Days
